 Dungeon Crawl Stone Soup version 0.30-a0-404-g0b3c3f4973 (webtiles) character file.

Game seed: 5280449797832682459

1981484 MackTheKnife the Planerender (level 27, 179/179 HPs)
             Began as a Tengu Air Elementalist on Dec 7, 2022.
             Was the Champion of Sif Muna.
             Escaped with the Orb
             ... and 4 runes!
             The game lasted 04:12:31 (89457 turns).

MackTheKnife the Planerender (TeAE)                Turns: 89457, Time: 04:12:32

Health: 179/179    AC: 43    Str: 16      XL:     27
Magic:  46/49      EV: 21    Int: 29 (30) God:    Sif Muna [******]
Gold:   5770       SH: 10    Dex: 20      Spells: 3/68 levels left

rFire   + . .      SeeInvis +    c - +3 Elemental Staff {rElec rF++ rC++ AC+5}
rCold   + + +      Faith    .    i - +3 buckler {rPois}
rNeg    + . .      Spirit   .    O - +10 pearl dragon scales {rare=g}
rPois   +          Reflect  .    N - +2 hat
rElec   +          Harm     .    s - +2 cloak
rCorr   +          Rampage  .    q - +2 pair of gloves {Str+3}
Will    +++..                    (boots unavailable)
Stlth   +.........               b - amulet "Juufumer" {RegenMP Fragile Regen+ Str+3 Int+7}
HPRegen 1.29/turn                C - ring of see invisible
MPRegen 0.71/turn                V - ring "Hotiuk" {rElec rF- rC+ rCorr AC+4}

@: flying quickly and evasively, studying 2 skills, quick
A: beak, talons 3, nimble flight, strong-willed 1
0: Orb of Zot
}: 4/15 runes: barnacled, slimy, silver, gossamer
a: Renounce Religion, Channel Magic, Forget Spell, Divine Exegesis


You escaped.
You worshipped Sif Muna.
Sif Muna was exalted by your worship.
You visited 12 branches of the dungeon, and saw 54 of its levels.
You visited the Abyss 1 time.
You also visited: Ossuary, Gauntlet, Volcano and Wizlab.

You collected 8657 gold pieces.
You spent 2887 gold pieces at shops.


Innate Abilities, Weirdness & Mutations

You have a beak for a mouth.
You have claws for feet.
Your magical nature lets you fly swiftly and evasively.
You are strong-willed. (Will+)


   Skills:
 + Level 19.9 Fighting
 - Level 9.5 Staves
 - Level 11.5 Armour
 - Level 14.8 Dodging
 - Level 2.0 Stealth
 - Level 7.6 Shields
 - Level 21.2 Spellcasting
 - Level 15.6 Conjurations
 O Level 27 Summonings
 - Level 14.3 Necromancy
 - Level 7.9 Translocations
 - Level 5.6 Ice Magic
 - Level 9.4 Air Magic
 - Level 5.5 Earth Magic
 - Level 0.7 Invocations


You had 3 spell levels left.
You knew the following spells:

 Your Spells              Type           Power      Damage    Failure   Level
a - Airstrike             Air            45%        2d(7-23)  1%          4
b - Haunt                 Necr/Summ      50%        N/A       1%          7
c - Death Channel         Necr           42%        N/A       2%          6
d - Borgnjor's Vile Clut  Necr/Erth      46%        N/A       2%          5
e - Orb of Destruction    Conj           44%        9d12      7%          7
f - Summon Horrible Thin  Summ           56%        N/A       1%          8
g - Freezing Cloud        Conj/Ice/Air   58%        6-21      1%          5
h - Spellforged Servitor  Conj/Summ      50%        N/A       1%          7
i - Dragon's Call         Summ           56%        N/A       8%          9
j - Malign Gateway        Summ/Tloc      46%        N/A       3%          7

Your spell library contained the following spells:

 Spells                   Type           Power      Damage    Failure   Level
 Kiss of Death            Conj/Necr      100%       2d13      0%          1
 Magic Dart               Conj           100%       1d8       0%          1
 Necrotise                Necr           100%       1d9       0%          1
 Summon Small Mammal      Summ           100%       N/A       0%          1
 Call Imp                 Summ           100%       N/A       0%          2
 Searing Ray              Conj           100%       2d8       0%          2
 Call Canine Familiar     Summ           100%       N/A       0%          3
 Foxfire                  Conj/Fire      100%       2x1d9     1%          1
 Freeze                   Ice            100%       1d10      1%          1
 Shock                    Conj/Air       100%       1d9       1%          1
 Blink                    Tloc           100%       N/A       1%          2
 Cigotuvi's Dreadful Rot  Necr/Pois/Air  100%       N/A       1%          2
 Momentum Strike          Conj/Tloc      100%       3d10      1%          2
 Poisonous Vapours        Pois/Air       100%       N/A       1%          2
 Static Discharge         Conj/Air       100%       2-7/arc   1%          2
 Sublimation of Blood     Necr           85%        N/A       1%          2
 Dazzling Flash           Conj/Hex       100%       N/A       1%          3
 Frozen Ramparts          Ice            100%       1d16      1%          3
 Gell's Gravitas          Tloc           67%        N/A       1%          3
 Hailstorm                Conj/Ice       95%        3d19      1%          3
 Kindle Blastsparks       Fire/Tloc/Air  100%       2d18      1%          3
 Lesser Beckoning         Tloc           100%       N/A       1%          3
 Mephitic Cloud           Conj/Pois/Air  87%        N/A       1%          3
 Ozocubu's Armour         Ice            76%        N/A       1%          3
 Stone Arrow              Conj/Erth      100%       3d13      1%          3
 Summon Guardian Golem    Hex/Summ       83%        N/A       1%          3
 Swiftness                Air            91%        N/A       1%          3
 Teleport Other           Tloc           67%        N/A       1%          3
 Vampiric Draining        Necr           85%        2d12      1%          3
 Vhi's Electric Charge    Tloc/Air       100%       N/A       1%          3
 Ensorcelled Hibernation  Hex/Ice        100%       N/A       2%          2
 Passwall                 Tmut/Erth      52%        N/A       2%          2
 Portal Projectile        Hex/Tloc       100%       N/A       3%          3
 Beastly Appendage        Tmut           60%        N/A       4%          1
 Slow                     Hex            100%       N/A       4%          1
 Sting                    Tmut/Pois      100%       1d8       4%          1
 Scorch                   Fire           92%        2d9       8%          2
 Wereblood                Tmut           30%        N/A       8%          2
 Confusing Touch          Hex            30%        N/A       16%         3
 Ignite Poison            Fire/Tmut/Pois 46%        N/A       16%         3
 Inner Flame              Hex/Fire       46%        N/A       16%         3
 Spider Form              Tmut/Pois      30%        N/A       16%         3
 Tukima's Dance           Hex            30%        N/A       16%         3
 Summon Cactus Giant      Summ           56%        N/A       0%          6
 Animate Armour           Summ/Erth      100%       N/A       1%          4
 Animate Dead             Necr           85%        N/A       1%          4
 Dispel Undead            Necr           85%        3d27      1%          4
 Flame Wave               Conj/Fire      85%        2d18      1%          4
 Fulminant Prism          Conj/Hex       33%        3d16      1%          4
 Iskenderun's Mystic Bla  Conj/Tloc      78%        2d16      1%          4
 Manifold Assault         Tloc           67%        N/A       1%          4
 Passage of Golubria      Tloc           67%        N/A       1%          4
 Sticky Flame             Conj/Fire      85%        2d10      1%          4
 Summon Ice Beast         Ice/Summ       100%       N/A       1%          4
 Summon Lightning Spire   Summ/Air       100%       N/A       1%          4
 Agony                    Necr           85%        N/A       1%          5
 Arcjolt                  Conj/Air       50%        1d60      1%          5
 Iskenderun's Battlesphe  Conj           88%        2d14      1%          5
 Lightning Bolt           Conj/Air       50%        1d71      1%          5
 Summon Forest            Summ/Tloc      46%        N/A       1%          5
 Summon Mana Viper        Hex/Summ       83%        N/A       1%          5
 Monstrous Menagerie      Summ           56%        N/A       1%          7
 Summon Hydra             Summ           56%        N/A       1%          7
 Anguish                  Hex/Necr       32%        N/A       2%          4
 Conjure Ball Lightning   Conj/Air       50%        3x3d17    4%          6
 Fireball                 Conj/Fire      42%        3d17      5%          5
 Irradiate                Conj/Tmut      33%        3d22      5%          5
 Iron Shot                Conj/Erth      47%        9d9       10%         6
 Simulacrum               Ice/Necr       46%        N/A       13%         6
 Lee's Rapid Deconstruct  Erth           38%        3d19*     14%         5
 Ice Form                 Ice/Tmut       63%        N/A       16%         4
 Leda's Liquefaction      Hex/Erth       31%        N/A       16%         4
 Petrify                  Tmut/Erth      63%        N/A       16%         4
 Silence                  Hex/Air        36%        N/A       21%         5
 Dispersal                Tloc           33%        N/A       28%         6
 Starburst                Conj/Fire      42%        6d12      30%         6
 Metabolic Englaciation   Hex/Ice        31%        N/A       41%         5
 Olgreb's Toxic Radiance  Pois           30%        N/A       45%         4
 Borgnjor's Revivificati  Necr           42%        N/A       67%         8
 Infestation              Necr           42%        N/A       67%         8
 Alistair's Intoxication  Tmut/Pois      20%        N/A       80%         5
 Blade Hands              Tmut           15%        N/A       80%         5
 Yara's Violent Unravell  Hex/Tmut       15%        3d8       80%         5
 Statue Form              Tmut/Erth      42%        N/A       94%         6
 Ozocubu's Refrigeration  Ice            38%        4d15      99%         7
 Storm Form               Tmut/Air       36%        N/A       99%         7
 Lehudib's Crystal Spear  Conj/Erth      47%        10d11     99%         8
 Eringya's Noxious Bog    Tmut/Pois      15%        N/A       100%        6
 Dragon Form              Tmut           15%        N/A       100%        7
 Enfeeble                 Hex            15%        N/A       100%        7
 Disjunction              Tloc           33%        N/A       100%        8
 Ignition                 Fire           23%        3d8       100%        8
 Maxwell's Capacitive Co  Air            45%        ∞         100%        8
 Necromutation            Tmut/Necr      32%        N/A       100%        8
 Chain Lightning          Conj/Air       50%        3d67      100%        9
 Death's Door             Necr           42%        N/A       100%        9
 Fire Storm               Conj/Fire      42%        8d11      100%        9
 Polar Vortex             Ice            38%        N/A       100%        9
 Shatter                  Erth           38%        3d30*     100%        9

Inventory:

Hand Weapons
 a - a +9 lajatang of speed {staff}
   (You took it off a deep elf annihilator on level 3 of the Elven Halls)
 c - the +3 Elemental Staff (weapon) {rElec rF++ rC++ AC+5}
   (You bought it in a shop on level 2 of the Orcish Mines)

   If the wielder is skilled in Evocations, they can discharge powerful blasts
   of elemental energy when striking with it.
   It enhances your fire, ice, earth and air magic.
   AC:        It affects your AC (+5).
   rF:        It greatly protects you from fire.
   rC:        It greatly protects you from cold.
   rElec:     It insulates you from electricity.
 p - the +9 staff of Wucad Mu {*channel, staff}
   (You took it off a spriggan berserker on level 3 of the Depths)

   It occasionally powers its wielder's spells, but with a chance of causing
   confusion or draining the wielder's intelligence.
   It becomes more likely to activate and less likely to backfire with increased
   Evocations skill.
Armour
 i - a +3 buckler of poison resistance (worn)
   (You took it off a deep elf knight on level 2 of the Elven Halls)
 q - a +2 pair of gloves of strength (worn)
   (You found it on level 3 of the Elven Halls)
 s - a +2 cloak (worn)
   (You took it off a draconian stormcaller on level 4 of the Depths)
 N - a +2 hat (worn)
   (You found it on level 2 of the Vaults)
 O - +10 pearl dragon scales (worn) {rare=g}
   (You found it on level 6 of the Dungeon)
Jewellery
 b - the amulet "Juufumer" (around neck) {RegenMP Fragile Regen+ Str+3 Int+7}
   (You took it off a deep elf annihilator on level 3 of the Elven Halls)

   [amulet of magic regeneration]

   It increases your rate of magic regeneration.
   Str:       It affects your strength (+3).
   Int:       It affects your intelligence (+7).
   Regen:     It increases your rate of health regeneration.
   Fragile:   It will be destroyed if unequipped.
 e - a ring of wizardry
   (You took it off a fire giant on level 5 of the Vaults)
 l - a ring of willpower
   (You found it on level 1 of the Spider Nest)
 o - a +6 ring of intelligence
   (You found it in an ossuary)
 C - a ring of see invisible (left hand)
   (You took it off a tengu reaver on level 2 of the Depths)
 V - the ring "Hotiuk" (right hand) {rElec rF- rC+ rCorr AC+4}
   (You found it in a Gauntlet)

   [ring of protection]

   AC:        It affects your AC (+4).
   rF:        It makes you vulnerable to fire.
   rC:        It protects you from cold.
   rElec:     It insulates you from electricity.
   rCorr:     It protects you from acid and corrosion.
Wands
 M - a wand of digging (19)
   (You found it on level 5 of the Dungeon)
Scrolls
 f - 11 scrolls of poison {!r}
 g - 7 scrolls of fear
 j - 16 scrolls of teleportation {@r4}
 u - 9 scrolls of amnesia
 v - 12 scrolls of butterflies
 K - 5 scrolls of blinking {!r}
 Q - 4 scrolls of silence {!r}
 R - 5 scrolls of magic mapping {!r}
 T - 5 scrolls of immolation {!r!r}
Potions
 h - 15 potions of curing {@q1}
 k - 4 potions of cancellation
 m - 5 potions of resistance
 n - 7 potions of brilliance
 t - 16 potions of ambrosia
 w - a potion of invisibility
 A - 4 potions of heal wounds {@q2}
 B - a potion of mutation {!q}
 D - 3 potions of haste {@q3}
 E - a potion of magic
 H - 11 potions of might
 L - 6 potions of berserk rage {!q}
 U - 7 potions of attraction {!q}
Miscellaneous
 d - a phial of floods
   (You found it on level 5 of the Pits of Slime)
 z - a piece from Xom's chessboard (15/15)
   (You found it on level 2 of the Elven Halls)
 I - a box of beasts
   (You found it in a Gauntlet)
 S - a lightning rod (4/4)
   (You found it in a Gauntlet)
 W - a phantom mirror
   (You found it in a Gauntlet)
 X - a condenser vane
   (You found it on level 3 of the Elven Halls)

Dungeon Overview and Level Annotations

Branches:
Dungeon (15/15)            Temple (1/1) D:6            Lair (5/5) D:9
 Shoals (4/4) Lair:3       Spider (4/4) Lair:3        Slime (5/5) Lair:5
    Orc (2/2) D:12            Elf (3/3) Orc:2        Vaults (5/5) D:14
  Crypt (1/3) Vaults:2     Depths (4/4) D:15            Zot (5/5) Depths:4
Ossuary (visited)         Volcano (visited)          WizLab (visited)
Gauntlet (visited)

Altars:
Ashenzari
Cheibriados
Dithmenos
Elyvilon
Fedhas
Gozag
Hepliaklqana
Kikubaaqudgha
Makhleb
Nemelex Xobeh
Okawaru
Qazlal
Ru
Sif Muna
Trog
Uskayaw
Vehumet
Wu Jian
Xom
Yredelemnul
Zin
The Shining One

Shops:
D:3 (   D:7 (   D:12 [   Orc:2 ([=*   Elf:1 [   Shoals:2 !?!   Shoals:3 [
Vaults:3 !?   Depths:1 [***

Portals:
Hell: Depths:1 Depths:2 Depths:3 Depths:4
Abyss: Depths:1 Depths:3
Pandemonium: Depths:2
Ziggurat: Depths:2

Annotations:
D:4 2 transporters, Grinder; asdu's ghost, weakling MeBe
D:14 exclusion: downstairs
Lair:5 2 runed translucent doors
Elf:2 3 runed translucent doors
Elf:3 Roxanne
Vaults:3 2 transporters

#.................####.####
#.........2WWW....# #.#
#......###(.......# #.#
#....##...#§§.....# #.#
#...#......#......####.#
######..#.......#.........#.#
#.).....#........#.....##.#.#
#.####.#........(#.....#..#.#
#.# #.#.....#.@.#......#.#.#
#.# #.#......#..#..........#
#.# #.#......#.#......###..#
#.# #.#........#......###..#
#.# #.#.......#........##.##
#.####.#...................#
#...##..#..............#####
###.##..#..............#
##.##...#.[...........#


You could see a friendly phantasmal warrior (summoned) and a friendly wraith
(summoned).


Message History

(V) Vaults (C) Crypt (U) Depths (H) Hell (Z) Zot
Where to? (Enter - D:1, ? - help)
What level of the Dungeon? (default 1, ? - help)
There is a stone staircase leading up here.
You fly upwards.
An orange demon comes into view.
There is a stone staircase leading down here.
Casting: Summon Horrible Things (mildly dangerous; 1% risk of failure)
Confirm with . or Enter, or press ? or * to list all spells.
Aiming: Haunt (mildly dangerous; 1% risk of failure)
Press: ? - help, Dir - move target, f - orange demon
Aim: an orange demon Insubstantial figures form in the air. 😎 MP[-7]
You lost 7 mp, and now have 42/49 mp. 😎 MP[+1]
Your freezing wraith hits the orange demon.
Your freezing wraith freezes the orange demon!
Your freezing wraith hits the orange demon.
Your freezing wraith drains the orange demon's vigour!
The orange demon seems to slow down.
Your shadow wraith barely misses the orange demon.
Your wraith hits the orange demon!
Your wraith drains the orange demon's vigour!
The orange demon seems to slow down.
Your wraith hits the orange demon!
Your wraith drains the orange demon's vigour!
The orange demon seems to slow down. 😎 MP[+1]
Your wraith barely misses the orange demon.
Your freezing wraith hits the orange demon!
Your freezing wraith freezes the orange demon!
The orange demon dies!
Sif Muna accepts your kill.
You swap places. 😎 MP[+1]
Your wraith disappears in a puff of smoke! 😎 MP[+1]
You swap places.
Your shadow wraith disappears in a puff of smoke!
Your freezing wraith disappears in a puff of smoke!
Your wraith disappears in a puff of smoke! x2 😎 MP[+1] 😎 MP[+1] 😎 MP[+1]
Your mp is fully restored (49).
There is a stone staircase leading up here.
You fly upwards.
There is a stone staircase leading down here.
(D) Dungeon (T) Temple (L) Lair (A) Shoals (N) Spider Nest (M) Slime Pits (O) Orcish Mines (E) Elven Halls (V) Vaults (C) Crypt (U) Depths (H) Hell (Z) Zot
Where to? (Enter - D:1, ? - help)
What level of the Dungeon? (default 1, ? - help)
There is a stone staircase leading up here.
You fly upwards.
Level annotation: 2 transporters, Grinder; asdu's ghost, weakling MeBe
There is a stone staircase leading down here.
There is a stone staircase leading up here.
You fly upwards.
There is a stone staircase leading down here.
There is an open door here.
You see here a +0 whip {mace}.
There is an entrance to Tub Zipn's Antique Weapon Boutique here.
Things that are here:
a +0 whip {mace}; a +0 club {mace}; a +0 spear {polearm}
There is a stone staircase leading up here.
You fly upwards.
There is a stone staircase leading down here.
There is a stone staircase leading up here.
You fly upwards.
There is a stone staircase leading down here.
Peudoast comes into view.
Press: ? - help, v - describe, . - travel
Here: Peudoast The floor.
Unknown command.
Casting: Haunt (mildly dangerous; 1% risk of failure)
Confirm with . or Enter, or press ? or * to list all spells.
Aiming: Haunt (mildly dangerous; 1% risk of failure)
Press: ? - help, Dir - move target, f - Peudoast
Aim: Peudoast Insubstantial figures form in the air. 😎 MP[-6]
You lost 6 mp, and now have 43/49 mp.
A balrug comes into view.
It is wielding a +1 vampiric demon whip.
Something tramples your wraith!
Your wraith holds its ground!
Your wraith hits the balrug. The balrug gestures at you.
The bolt of fire hits your wraith!!!
Your wraith is destroyed!
Your wraith disappears in a puff of smoke! 😎 MP[+1] 😎 MP[+1]
There is a staircase leading out of the dungeon here.
Something hits your wraith.
Your wraith is engulfed in flames!
Your wraith is destroyed!
Your wraith disappears in a puff of smoke!
You have escaped!

Skill      XL: |  1  2  3  4  5  6  7  8  9 10 11 12 13 14 15 16 17 18 19 20 21 22 23 24 25 26 27 |
---------------+----------------------------------------------------------------------------------+-----
Conjurations   | 2 4 15 | 15.6
Air Magic      | 5 6 7 8 9 |  9.4
Spellcasting   | 3 4 5 6 7 9 11 12 13 14 15 16 17 18 20 21 | 21.2
Fighting       | 3 5 8 10 12 14 15 18 19 | 19.9
Dodging        | 5 6 8 9 12 14 | 14.8
Necromancy     | 4 8 11 13 14 | 14.3
Earth Magic    | 1 4 5 |  5.5
Armour         | 3 6 8 11 | 11.5
Staves         | 9 |  9.5
Ice Magic      | 5 |  5.6
Summonings     | 11 16 18 19 20 22 24 27 | 27.0
Shields        | 1 7 |  7.6
Translocations | 7 |  7.9
Stealth        | |  2.0
Invocations    | |  0.7

Action                   |  1- 3 |  4- 6 |  7- 9 | 10-12 | 13-15 | 16-18 | 19-21 | 22-24 | 25-27 || total
-------------------------+-------+-------+-------+-------+-------+-------+-------+-------+-------++-------
Melee: Spear             |    10 |    11 |    27 |    55 |       |       |       |       |       ||   103
       Kick              |     3 |     5 |     7 |    21 |    51 |    66 |   100 |   307 |   154 ||   714
       Peck              |     1 |     4 |     1 |    18 |    31 |    45 |    64 |   196 |   100 ||   460
       Staff             |       |       |       |     1 |    15 |   110 |   160 |   476 |   244 ||  1006
       Battleaxe         |       |       |       |       |     4 |       |       |       |       ||     4
       Trident           |       |       |       |       |     3 |       |       |       |       ||     3
       Lajatang          |       |       |       |       |   119 |    37 |       |       |       ||   156
       Punch             |       |       |       |       |       |     5 |       |       |       ||     5
 Cast: Shock             |    63 |    92 |   112 |       |       |       |       |       |       ||   267
       Static Discharge  |     2 |    14 |    21 |       |       |       |       |       |       ||    37
       Airstrike         |       |       |    96 |   247 |   603 |   309 |   255 |    84 |    26 ||  1620
       Borgnjor's Vile C |       |       |       |    21 |    81 |    29 |     4 |     9 |     3 ||   147
       Death Channel     |       |       |       |     7 |    22 |    22 |    47 |    37 |    34 ||   169
       Spellforged Servi |       |       |       |       |     1 |    42 |    58 |    13 |    11 ||   125
       Lightning Bolt    |       |       |       |       |    25 |    10 |       |       |       ||    35
       Freezing Cloud    |       |       |       |       |       |    42 |    46 |     6 |     4 ||    98
       Orb of Destructio |       |       |       |       |       |    27 |    25 |    15 |    14 ||    81
       Summon Lightning  |       |       |       |       |       |    21 |    12 |       |       ||    33
       Summon Horrible T |       |       |       |       |       |       |   104 |   141 |    95 ||   340
       Haunt             |       |       |       |       |       |       |     4 |    84 |    94 ||   182
       Dragon's Call     |       |       |       |       |       |       |       |     1 |     7 ||     8
       Malign Gateway    |       |       |       |       |       |       |       |       |     2 ||     2
Invok: Channel Magic     |       |       |       |     4 |    13 |     4 |     9 |     4 |     1 ||    35
       Divine Exegesis   |       |       |       |       |     1 |       |     1 |       |       ||     2
Evoke: Wand              |       |     4 |     2 |       |     4 |     4 |     1 |       |       ||    15
       Box of beasts     |       |       |       |       |       |     1 |       |     2 |     1 ||     4
       Condenser vane    |       |       |       |       |       |       |       |     2 |       ||     2
       Phantom mirror    |       |       |       |       |       |       |       |     1 |     3 ||     4
  Use: Scroll            |       |     8 |    11 |    12 |    10 |     9 |     9 |    18 |    18 ||    95
       Potion            |       |       |       |     3 |     3 |    10 |    12 |     6 |    39 ||    73
 Stab: Sleeping          |     1 |     2 |     2 |       |       |       |       |       |       ||     5
       Distracted        |       |       |       |       |     1 |     4 |     5 |    28 |    14 ||    52
Armor: Robe              |    11 |     3 |    17 |    13 |    11 |       |    50 |     2 |       ||   107
       Leather armour    |       |       |       |       |   121 |   132 |    47 |       |       ||   300
       Pearl dragon scal |       |       |       |       |       |       |       |   312 |   260 ||   572
Dodge: Dodged            |    23 |    23 |    66 |    94 |   460 |   312 |   272 |   504 |   358 ||  2112
Block: Buckler           |       |       |       |       |       |       |   118 |   208 |   156 ||   482

Levels and vault maps discovered:
D:1:      dpeg_arrival_solitude, layout_loops_ring, minmay_box_of_dots
D:2:      minmay_razor_zed, layout_loops_ring,
          shapermc_ecumenical_altar_starsandcircs, grunt_decor_mini_mirrors,
          glass_columns_a, grunt_ministairs_7, minivault_11,
          kennysheep_cross_room, grunt_decor_fettered
D:3:      layout_basic, minmay_overflow_temple_hex, serial_shops,
          nicolae_shop_hallway_stairs, nicolae_square_shop
D:4:      layout_gridville, gammafunk_ghost_smash,
          hellmonk_guarded_unrand_hermit, uniq_grinder, uniq_natasha
D:5:      layout_rooms, enter_ossuary_4
D:6:      layout_rooms, marbit_many_paths, minmay_temple_entry_glassed_door
D:7:      layout_loops_cross, mainiacjoe_overflow_boulevard, serial_shops,
          nicolae_shop_hallway_stairs, minmay_misc_feat_rows
D:8:      layout_loops_corners, enter_bailey_4, serial_aquarium,
          aquarium_bridge_straight [aquarium_subvault_bridge,
          aquarium_subvault_wall, aquarium_subvault_bridge,
          aquarium_subvault_window], aquarium_bridge_square
          [aquarium_subvault_window, aquarium_subvault_window,
          aquarium_subvault_bridge, aquarium_subvault_window],
          aquarium_window_1, aquarium_window_fake, aquarium_window_fake,
          aquarium_view_2d, aquarium_pool_corner, kennysheep_pointless_box
D:9:      layout_basic, elyvilon_altar_5, david_lair_shrubbed, minivault_26
D:10:     layout_cave_pods, kennysheep_another_room,
          hangedman_abyss_or_decor_stagger, uniq_sonja
D:11:     layout_roguey, yredelemnul_forgotten_temple_becter, uniq_maurice,
          uniq_psyche
D:12:     minmay_the_grid_octo_tiled_squarecenter
          [minmay_the_grid_octo_checkerflower, minmay_the_grid_octo_checkered,
          minmay_the_grid_octo_clover, minmay_the_grid_octo_thin_diamonds,
          minmay_the_grid_square_5x5_megaprize_hollow,
          minmay_the_grid_square_5x5_percent,
          minmay_the_grid_square_5x5_tri_point,
          minmay_the_grid_square_5x5_checkered,
          minmay_the_grid_square_5x5_broken_cross], layout_basic,
          gauntlet_entry_generic, serial_shops, shop, minivault_27
D:13:     layout_roguey, uniq_lodul, uniq_kirke, uniq_nessos
D:14:     layout_loops_ring, erik_vaults_2, kiku_gazebo_pond_becter
D:15:     gammafunk_depths_entry_grave, layout_loops_corners,
          nicolae_kite_square_tiling_tiny, minmay_beelzebubs_servants,
          uniq_jorgrun
Temple:   hellmonk_temple_forest_ring
Lair:1:   layout_cave_pods
Lair:2:   layout_regular_city, chequers_serial_rivers_small_b,
          serial_bayou_shore_a, serial_bayou_shore_b
Lair:3:   layout_gridlike, minmay_shoals_entry_hut,
          nicolae_spider_entry_orb_guardian, enter_volcano_1, wad_woods_road_04,
          infiniplex_staircase_pool
Lair:4:   layout_gridlike, special_room [special_room_bee], st_stairs_3
Lair:5:   cheibrodos_lair_end_hotspot, layout_regular_city, slime_entry_1,
          columned_hall_lemuel, st_stairs_4, minmay_hedge_maze,
          serial_bayou_ford_a, eino_small_chamber_without_monster, uniq_rupert
Shoals:1: layout_shoals, abandoned_shop, nicolae_shoals_spring_well_temple
Shoals:2: layout_shoals, serial_shops, nicolae_shop_advertising_works
          [nicolae_subvault_shop_adworks], shop, nicolae_shop_statue_plus,
          nicolae_shoals_aquamancer_cove
Shoals:3: layout_shoals, serial_shops, nicolae_diamond_shop, uniq_ilsuiw,
          uniq_bai_suzhen
Shoals:4: shoals_end_grunt_ice, layout_shoals, uniq_polyphemus
Spider:1: layout_spider_delve, uniq_donald
Spider:2: layout_spider_delve
Spider:3: layout_cave_pods, nicolae_spider_cling_halls
Spider:4: floodkiller_spider_rune_tomb
Slime:1:  layout_caves, nicolae_slime_barrier
Slime:2:  layout_caves
Slime:3:  layout_caves
Slime:4:  layout_caves
Slime:5
Orc:1:    layout_caves
Orc:2:    grunt_orc_cross, layout_diamond_mine, mines2_david
Elf:1:    elf_arrival_002, layout_loops_cross, serial_shops, shop,
          kennysheep_underground_church, kilobyte_rumbling_trees
Elf:2:    nicolae_elf_blades_crystal_corner, layout_loops_cross, basic_altar,
          hellmonk_bongcloud_opening
Elf:3:    elf_hall, layout_loops_cross, nicolae_elf_shapeshifter_party,
          minmay_shop_grove, uniq_roxanne
Vaults:1: hangedman_vaults_stream, v_misc_11, dpeg_vaults_waves,
          dpeg_vaults_monster_row, nicolae_vaults_angled_halls,
          grunt_vaults_hallway_short, nicolae_vaults_mini_display_case,
          vaults_room_hallway, layout_vaults_omnigrid
Vaults:2: nicolae_vaults_alarming, nicolae_vaults_little_squares_2,
          minmay_crypt_entry_necro_gods, vaults_room_fours,
          nicolae_vaults_little_squares_2, vaults_standard_mumra_x,
          ontoclasm_vaults_shuriken, st_smaller_cells, layout_vaults_maze_snakey
Vaults:3: nicolae_vaults_asterisk, emtedronai_trogs_sanctum,
          vaults_room_hallway, ontoclasm_vaults_spin, vaults_room_door_ring,
          vaults_room_mumra_shop_pool, vaults_room_fancy_cross, v_alt_pattern_1,
          nicolae_vaults_little_squares_6, nicolae_vaults_network_square,
          v_misc_25, layout_vaults_omnicross, serial_shops, shop
Vaults:4: ontoclasm_vaults_fault, v_misc_27, v_misc_2, st_more_cells,
          ontoclasm_vaults_hangar, v_misc_24, grunt_vaults_funnel,
          nicolae_vaults_little_squares_2, vaults_dpeg_diagonal,
          layout_vaults_ring
Vaults:5: uniq_jory
Crypt:1:  layout_regular_city, gammafunk_ghost_crypt, uniq_frederick,
          uniq_grunn, uniq_margery
Depths:1: layout_cave_pools, ebering_ghost_gozag, abyss_entry,
          grunt_hell_entry_dis_mu, evilmike_ruin_ashenzari, minmay_shop_star,
          uniq_aizul, uniq_nikola
Depths:2: nzn_winding_woodlands_stair_cross
          [nzn_winding_woodlands_5x15_split_checker,
          nzn_winding_woodlands_center_pierced_h,
          nzn_winding_woodlands_5x15_default, nzn_winding_woodlands_5x5_cross,
          nzn_winding_woodlands_5x5_closed_star,
          nzn_winding_woodlands_5x15_crooked,
          nzn_winding_woodlands_center_triple_pond,
          nzn_winding_woodlands_5x15_default], layout_cave_pools,
          ziggurat_fallback, hell_entry, mu_enter_wizlab_4, serial_column_ruins,
          column_ruins_hut, column_ruins_columns_corner, column_ruins_open_tiny,
          column_ruins_corridor_dead_end, column_ruins_columns_straight,
          column_ruins_open_tiny, rand_demon_pan_entry_5,
          minmay_staircase_windowed_large
Depths:3: grunt_profane_halls [grunt_profane_temple_geh,
          grunt_profane_temple_tar, grunt_profane_temple_dis,
          grunt_profane_temple_coc, grunt_profane_loot], abyss_entry, hell_entry
Depths:4: grunt_zot_entry_gee_three, layout_cross,
          ebering_dispersal_statue_hall, hell_entry, uniq_parghit, uniq_sojobo,
          uniq_mennas
Zot:1:    layout_twisted_circle, uniq_josephina
Zot:2:    layout_cellular_growth
Zot:3:    nicolae_zot_stationary_front, layout_gridlike, grunt_ministairs_1
Zot:4:    layout_gridlike
Zot:5:    layout_basic

Notes
Turn   | Place    | Note
-------+----------+-------------------------------------------
     0 | D:1      | MackTheKnife the Tengu Air Elementalist began the quest for
                  | the Orb.
     0 | D:1      | Reached XP level 1. HP: 10/10 MP: 4/4
     0 | D:1      | magus.rc [v1.9.6]
   278 | D:1      | Reached skill level 2 in Conjurations
   278 | D:1      | Reached XP level 2. HP: 6/15 MP: 0/6
   335 | D:1      | Learned a level 2 spell: Static Discharge
   755 | D:1      | Reached XP level 3. HP: 19/19 MP: 4/7
   970 | D:2      | Found a faded altar of an unknown god.
  1294 | D:2      | You pick up a book of Burglary and begin reading...
  1294 | D:2      | You add the spells Passwall and Ensorcelled Hibernation to
                  | your library.
  1691 | D:2      | Reached skill level 5 in Air Magic
  1691 | D:2      | Reached XP level 4. HP: 24/24 MP: 4/9
  2009 | D:2      | Reached skill level 3 in Spellcasting
  2581 | D:3      | Found a hazy altar of Hepliaklqana.
  2581 | D:3      | Found a shimmering altar of Xom.
  2581 | D:3      | Found an ornate altar of the Wu Jian Council.
  2581 | D:3      | Found a glowing golden altar of the Shining One.
  2650 | D:3      | Found a radiant altar of Vehumet.
  2650 | D:3      | Found an opulent altar of Gozag.
  2717 | D:3      | Found Ycuarak's Antique Weapon Shoppe.
  2735 | D:3      | Found Tub Zipn's Antique Weapon Boutique.
  2914 | D:3      | You pick up a book of Dangerous Friends and begin
                  | reading...
  2914 | D:3      | You add the spells Summon Guardian Golem, Orb of
                  | Destruction and Spellforged Servitor to your library.
  2952 | D:3      | Gained mutation: Your magical nature lets you fly swiftly
                  | and evasively. [Tengu growth]
  2952 | D:3      | Reached XP level 5. HP: 28/28 MP: 5/11
  3167 | D:3      | Reached skill level 6 in Air Magic
  3448 | D:4      | Found a transporter.
  3448 | D:4      | Noticed asdu's ghost (weakling MeBe)
  3448 | D:4      | Noticed an ogre
  3449 | D:4      | Found a transporter.
  3449 | D:4      | Noticed an ogre
  3501 | D:4      | Learned a level 4 spell: Airstrike
  3648 | D:4      | Noticed Grinder
  3697 | D:4      | Found a faded altar of an unknown god.
  3697 | D:4      | Found the Hermit's Pendant {Faith Invo=14 Evo=0 MP+5}
  3792 | D:4      | Reached skill level 4 in Spellcasting
  3792 | D:4      | Reached XP level 6. HP: 32/32 MP: 7/13
  3852 | D:4      | Noticed Natasha
  3858 | D:4      | Killed Natasha
  3926 | D:4      | Noticed Natasha
  3934 | D:4      | Killed Natasha
  3934 | D:4      | HP: 8/32 [/static electricity (2)]
  4564 | D:5      | Entered Level 5 of the Dungeon
  4667 | D:5      | Reached skill level 7 in Air Magic
  4684 | D:5      | Found a sand-covered staircase.
  4755 | Ossuary  | Entered an ossuary
  4774 | Ossuary  | Reached XP level 7. HP: 35/36 MP: 6/15
  4867 | Ossuary  | Reached skill level 5 in Spellcasting
  5028 | Ossuary  | Reached skill level 8 in Air Magic
  5580 | Ossuary  | Reached XP level 8. HP: 30/41 MP: 8/17
  5623 | Ossuary  | Reached skill level 9 in Air Magic
  5746 | Ossuary  | Reached skill level 6 in Spellcasting
  6126 | D:5      | Reached skill level 1 in Fighting
  6347 | D:5      | Reached skill level 3 in Dodging
  6466 | D:5      | Reached skill level 2 in Fighting
  7091 | D:5      | Reached skill level 3 in Fighting
  7091 | D:5      | Reached skill level 4 in Dodging
  7310 | D:6      | Identified +0 pearl dragon scales
  7311 | D:6      | O - +0 pearl dragon scales {rare=g}
  7322 | D:6      | You finish putting on your +0 pearl dragon scales {rare=g}.
  7327 | D:6      | You finish taking off your +0 pearl dragon scales {rare=g}.
  7344 | D:6      | You pick up a book of Misfortune and begin reading...
  7344 | D:6      | You add the spells Yara's Violent Unravelling and Enfeeble
                  | to your library.
  7389 | D:6      | You pick up a book of Decay and begin reading...
  7389 | D:6      | You add the spells Cigotuvi's Dreadful Rot, Dispel Undead
                  | and Death Channel to your library.
  7408 | D:6      | You pick up a book of Spectacle and begin reading...
  7408 | D:6      | You add the spells Dazzling Flash, Iskenderun's Mystic
                  | Blast and Starburst to your library.
  7490 | D:6      | Found a staircase to the Ecumenical Temple.
  7501 | Temple   | Entered the Ecumenical Temple
  7529 | Temple   | Became a worshipper of Sif Muna the Loreminder
  7707 | D:6      | Reached skill level 5 in Dodging
  7707 | D:6      | Reached XP level 9. HP: 52/52 MP: 12/20
  7727 | D:6      | Reached skill level 4 in Fighting
  8115 | D:6      | Found a stormy altar of Qazlal.
  8425 | D:7      | Found a sparkling altar of Nemelex Xobeh.
  8585 | D:7      | Reached skill level 6 in Dodging
  8585 | D:7      | Reached * piety under Sif Muna
  8714 | D:7      | Reached skill level 5 in Fighting
  9102 | D:6      | Learned a level 6 spell: Death Channel
  9239 | D:7      | Reached skill level 1 in Necromancy
  9333 | D:7      | Reached skill level 2 in Necromancy
  9419 | D:7      | Found Vigrahea's Weapon Emporium.
  9867 | D:8      | Reached skill level 3 in Necromancy
 10201 | D:8      | Reached skill level 7 in Spellcasting
 10489 | D:8      | Reached skill level 4 in Necromancy
 10517 | D:8      | You add the spells Alistair's Intoxication, Borgnjor's Vile
                  | Clutch and Eringya's Noxious Bog to your library.
 10546 | D:8      | Learned a level 5 spell: Borgnjor's Vile Clutch
 11315 | D:9      | Reached skill level 1 in Earth Magic
 11385 | D:9      | Reached XP level 10. HP: 59/59 MP: 21/21
 11435 | D:8      | Gained mutation: You are agile. (Dex +4, Str/Int -1)
                  | [potion of mutation]
 11436 | D:8      | Lost mutation: You are agile. (Dex +4, Str/Int -1) [potion
                  | of mutation]
 11436 | D:8      | Gained mutation: You are robust. (+10% HP) [potion of
                  | mutation]
 11471 | D:9      | Reached skill level 5 in Necromancy
 11473 | D:9      | Reached ** piety under Sif Muna
 11797 | D:9      | Found a white marble altar of Elyvilon.
 11805 | D:9      | Reached skill level 2 in Earth Magic
 11863 | D:9      | Identified a +0 robe of the Archmagi
 12215 | D:9      | Found a staircase to the Lair.
 12215 | D:9      | Noticed a two-headed ogre
 12231 | D:9      | Killed a two-headed ogre
 12232 | D:9      | Reached skill level 6 in Necromancy
 12232 | D:9      | Reached skill level 3 in Earth Magic
 12610 | D:10     | Entered Level 10 of the Dungeon
 12615 | D:10     | Reached skill level 7 in Necromancy
 12616 | D:10     | Noticed a gargoyle
 13056 | D:10     | Noticed Sonja
 13060 | D:10     | Killed Sonja
 13061 | D:10     | Reached skill level 4 in Earth Magic
 13159 | D:10     | You pick up a book of Debilitation and begin reading...
 13159 | D:10     | You add the spells Slow, Vampiric Draining and Confusing
                  | Touch to your library.
 13169 | D:10     | Noticed a gargoyle
 13175 | D:10     | Killed a gargoyle
 13176 | D:10     | Reached skill level 8 in Necromancy
 13748 | D:10     | Killed a gargoyle
 13749 | D:10     | Reached XP level 11. HP: 70/70 MP: 11/22
 14018 | D:11     | Reached skill level 5 in Earth Magic
 14132 | D:11     | Found a basalt altar of Yredelemnul.
 14220 | D:11     | Reached skill level 9 in Necromancy
 14351 | D:11     | Noticed Maurice
 14441 | D:11     | Killed Maurice
 14441 | D:11     | Reached *** piety under Sif Muna
 15122 | D:11     | Noticed Psyche
 15133 | D:11     | Killed Psyche
 15534 | Lair:1   | Entered Level 1 of the Lair of Beasts
 15545 | Lair:1   | Noticed a seven-headed hydra
 15551 | Lair:1   | Killed a seven-headed hydra
 15940 | Lair:1   | Reached skill level 8 in Spellcasting
 15940 | Lair:1   | Reached skill level 10 in Necromancy
 16502 | Lair:1   | You are sucked into a shaft and drop 1 floor!
 17309 | Lair:2   | Reached skill level 11 in Necromancy
 17311 | Lair:2   | Reached skill level 9 in Spellcasting
 17452 | Lair:2   | Reached XP level 12. HP: 74/74 MP: 11/26
 18522 | Lair:3   | Found a dark tunnel.
 18533 | Volcano  | Entered a volcano
 18570 | Volcano  | Noticed a two-headed ogre
 18571 | Volcano  | Noticed a two-headed ogre
 18584 | Volcano  | Killed a two-headed ogre
 18585 | Volcano  | Reached skill level 6 in Fighting
 18591 | Volcano  | Killed a two-headed ogre
 18592 | Volcano  | Reached skill level 10 in Spellcasting
 18620 | Volcano  | Noticed a two-headed ogre
 18632 | Volcano  | HP: 11/78 [something (10)]
 18633 | Volcano  | Killed a two-headed ogre
 19473 | Lair:3   | Found a staircase to the Shoals.
 19484 | Lair:3   | Reached skill level 7 in Fighting
 19632 | Lair:3   | Noticed a six-headed hydra
 19638 | Lair:3   | Killed a six-headed hydra
 19987 | Lair:3   | Found a hole to the Spider Nest.
 20156 | Lair:3   | Reached **** piety under Sif Muna
 20781 | Lair:4   | Reached skill level 8 in Fighting
 20896 | Lair:4   | magus.rc [v1.9.6]
 21470 | Lair:4   | Reached skill level 11 in Spellcasting
 22169 | Lair:5   | Entered Level 5 of the Lair of Beasts
 22210 | Lair:5   | Reached XP level 13. HP: 86/86 MP: 19/29
 22220 | Lair:5   | Reached skill level 9 in Fighting
 22221 | Lair:5   | Found a staircase to the Slime Pits.
 22490 | Lair:5   | Noticed Rupert
 22904 | Lair:5   | Killed Rupert
 22905 | Lair:5   | Reached skill level 12 in Spellcasting
 23142 | Lair:5   | Reached skill level 10 in Fighting
 23443 | Lair:5   | Found a large runed translucent door.
 23443 | Lair:5   | Noticed a fire dragon
 23444 | Lair:5   | Found a large runed translucent door.
 24436 | D:12     | HP: 16/91 [centaur/arrow[a centaur warrior] (9)]
 24927 | D:12     | Found Usefyso's Antique Armour Emporium.
 24945 | D:12     | Found a gate leading to a gauntlet.
 24954 | Gauntlet | Entered a Gauntlet
 24954 | Gauntlet | Found a transporter.
 25001 | Gauntlet | Found a transporter.
 25003 | Gauntlet | Found a transporter.
 25025 | Gauntlet | Found a transporter.
 25035 | Gauntlet | Found a runed translucent gate.
 25036 | Gauntlet | Found a runed translucent gate.
 25036 | Gauntlet | Found a transporter.
 25039 | Gauntlet | Found a transporter.
 25043 | Gauntlet | Found a runed translucent door.
 25044 | Gauntlet | Found a runed translucent gate.
 25044 | Gauntlet | Found a runed translucent door.
 25048 | Gauntlet | Found a transporter.
 25048 | Gauntlet | Noticed a balrug
 25075 | Gauntlet | Found a transporter.
 25085 | Gauntlet | Found a transporter.
 25090 | Gauntlet | Found a transporter.
 25090 | Gauntlet | Found a transporter.
 25116 | Gauntlet | Found a transporter.
 25142 | Gauntlet | Found a transporter.
 25154 | Gauntlet | Found a transporter.
 25463 | Gauntlet | Reached ***** piety under Sif Muna
 25465 | Gauntlet | HP: 14/91 [rime drake/icy flash freeze (30)]
 25841 | Gauntlet | Identified the ring "Hotiuk" {rElec rF- rC+ rCorr AC+4}
 25862 | Gauntlet | Noticed a minotaur
 25868 | Gauntlet | Killed a minotaur
 25869 | Gauntlet | Reached skill level 7 in Dodging
 26336 | D:12     | Reached skill level 1 in Armour
 26392 | D:12     | Reached skill level 2 in Armour
 26392 | D:12     | Reached skill level 8 in Dodging
 26703 | D:12     | Found a staircase to the Orcish Mines.
 26741 | D:12     | Reached skill level 3 in Armour
 27208 | D:12     | Reached XP level 14. HP: 96/96 MP: 27/31
 27511 | D:12     | Reached skill level 4 in Armour
 27587 | D:12     | Reached skill level 9 in Dodging
 27742 | D:12     | Reached skill level 5 in Armour
 28283 | D:12     | Received a gift from Sif Muna
 28284 | D:12     | Reached skill level 6 in Armour
 28384 | D:12     | You add the spells Kiss of Death, Lightning Bolt,
                  | Irradiate, Iron Shot and Fire Storm to your library.
 28384 | D:12     | Got Sif Muna's Vellum of the Excruciating Brume {god gift}
 28566 | D:12     | Reached skill level 1 in Staves
 28696 | D:12     | Reached skill level 2 in Staves
 29111 | D:12     | Reached skill level 3 in Staves
 29302 | D:11     | magus.rc [v1.9.6]
 29316 | D:12     | Reached skill level 4 in Staves
 29437 | Orc:1    | Entered Level 1 of the Orcish Mines
 29656 | Orc:2    | Entered Level 2 of the Orcish Mines
 29678 | Orc:2    | Found a staircase to the Elven Halls.
 29895 | Orc:2    | Reached skill level 5 in Staves
 30137 | Orc:2    | Noticed an orc warlord
 30138 | Orc:2    | Reached skill level 6 in Staves
 30327 | Orc:2    | Noticed Nergalle
 30338 | Orc:2    | Killed Nergalle
 30655 | Orc:2    | Received a gift from Sif Muna
 30656 | Orc:2    | You add the spells Summon Small Mammal, Spider Form, Ice
                  | Form, Summon Cactus Giant and Storm Form to your library.
 30656 | Orc:2    | Got Sif Muna's Catalogue of the Amorphous Retinue {god
                  | gift}
 30777 | Orc:2    | Reached skill level 7 in Staves
 31138 | Orc:2    | Noticed Blork the orc
 31144 | Orc:2    | Killed Blork the orc
 31280 | Orc:2    | Killed an orc warlord
 31281 | Orc:2    | Reached skill level 8 in Staves
 31438 | Orc:2    | Found Lefyuv's Antique Armour Shop.
 31454 | Orc:2    | Found Gaigoom's Antique Weapon Shop.
 31567 | Orc:2    | Found Elukhlu's Jewellery Shop.
 31593 | Orc:2    | Found Suirae's General Store.
 32811 | Orc:2    | Bought the +3 Elemental Staff {rElec rF++ rC++ AC+5} for
                  | 1816 gold pieces
 32811 | Orc:2    | Found the +3 Elemental Staff {rElec rF++ rC++ AC+5}
 32875 | Orc:2    | Reached skill level 9 in Staves
 33423 | D:13     | Learned a level 6 spell: Iron Shot
 33432 | D:13     | Learned a level 7 spell: Orb of Destruction
 33787 | D:13     | Reached skill level 3 in Conjurations
 33945 | D:13     | Noticed Nessos
 33967 | D:13     | Reached skill level 4 in Conjurations
 33996 | D:13     | Killed Nessos
 33997 | D:13     | Reached XP level 15. HP: 47/102 MP: 6/32
 34235 | D:13     | Reached skill level 5 in Conjurations
 34235 | D:13     | Noticed Kirke
 34511 | D:13     | Reached skill level 6 in Conjurations
 34667 | D:13     | Killed Kirke
 34668 | D:13     | Reached skill level 7 in Conjurations
 34987 | D:13     | Noticed Lodul
 34993 | D:13     | Killed Lodul
 34994 | D:13     | Reached skill level 8 in Conjurations
 35484 | D:14     | Received a gift from Sif Muna
 35485 | D:14     | Reached skill level 9 in Conjurations
 35485 | D:14     | You add the spells Vhi's Electric Charge, Silence and
                  | Lehudib's Crystal Spear to your library.
 35485 | D:14     | Got Sif Muna's Catalogue of the Gritty Wind {god gift}
 35862 | D:14     | Found a gate to the Vaults.
 35873 | D:14     | Reached skill level 10 in Conjurations
 35885 | D:14     | Reached skill level 11 in Conjurations
 36228 | D:14     | Found an ancient bone altar of Kikubaaqudgha.
 37039 | D:14     | You pick up a book of Minor Magic and begin reading...
 37039 | D:14     | You add the spells Magic Dart, Call Imp and Mephitic Cloud
                  | to your library.
 37162 | D:15     | Entered Level 15 of the Dungeon
 37212 | D:15     | Noticed Jorgrun
 37216 | D:15     | Killed Jorgrun
 37217 | D:15     | Reached skill level 12 in Conjurations
 37684 | D:14     | magus.rc [v1.9.6]
 37729 | D:15     | You pick up a book of Dreams and begin reading...
 37736 | D:15     | Learned a level 5 spell: Lightning Bolt
 38050 | D:15     | Reached skill level 13 in Conjurations
 38484 | D:15     | Found a staircase to the Depths.
 38500 | D:15     | Reached skill level 14 in Conjurations
 39297 | D:15     | Reached skill level 15 in Conjurations
 39297 | D:15     | Reached XP level 16. HP: 108/108 MP: 9/33
 39663 | D:15     | Received a gift from Sif Muna
 39665 | D:15     | You add the spells Fireball, Iskenderun's Battlesphere,
                  | Freezing Cloud and Lee's Rapid Deconstruction to your
                  | library.
 39665 | D:15     | Got Sif Muna's Advanced Spellweaving {god gift}
 39672 | D:15     | Learned a level 5 spell: Freezing Cloud
 40191 | Shoals:1 | Entered Level 1 of the Shoals
 40225 | Spider:1 | Entered Level 1 of the Spider Nest
 40235 | Spider:1 | Reached skill level 1 in Ice Magic
 40489 | Spider:1 | Reached skill level 2 in Ice Magic
 40703 | Spider:1 | Reached skill level 13 in Spellcasting
 40869 | Spider:1 | Noticed Donald
 40872 | Spider:1 | Reached skill level 3 in Ice Magic
 40879 | Spider:1 | Killed Donald
 40974 | Spider:1 | Identified a potion of experience
 40975 | Spider:1 | Reached skill level 5 in Ice Magic
 40975 | Spider:1 | Reached XP level 17. HP: 113/113 MP: 35/35
 41776 | Spider:1 | Learned a level 7 spell: Spellforged Servitor
 41809 | Spider:2 | Reached skill level 1 in Summonings
 42081 | Spider:2 | Reached skill level 2 in Summonings
 42187 | Spider:2 | Reached skill level 3 in Summonings
 42449 | Spider:2 | Identified the +1 short sword of the Magic Mushroom {flame,
                  | rC+ Int+4 Dex+2}
 42521 | Spider:2 | Reached skill level 4 in Summonings
 42792 | Spider:2 | Reached skill level 5 in Summonings
 43600 | Spider:2 | Reached skill level 6 in Summonings
 43786 | Spider:2 | magus.rc [v1.9.6]
 43798 | Spider:3 | Received a gift from Sif Muna
 44010 | Spider:3 | You pick up a book of Armaments and begin reading...
 44010 | Spider:3 | You add the spells Stone Arrow and Animate Armour to your
                  | library.
 44046 | Spider:3 | Reached skill level 7 in Summonings
 44364 | Spider:3 | Reached skill level 8 in Summonings
 44807 | Spider:3 | Reached skill level 9 in Summonings
 45651 | Spider:3 | Reached skill level 10 in Summonings
 46156 | Spider:3 | HP: 12/113 [wolf spider (17)]
 47164 | Spider:4 | Entered Level 4 of the Spider Nest
 47199 | Spider:4 | Reached skill level 11 in Summonings
 47217 | Spider:4 | Reached XP level 18. HP: 84/118 MP: 22/36
 47602 | Spider:4 | You pick up a book of Misfortune and begin reading...
 47874 | Spider:4 | Received a gift from Sif Muna
 47875 | Spider:4 | You add the spells Summon Lightning Spire, Summon Mana
                  | Viper, Summon Forest, Malign Gateway and Summon Horrible
                  | Things to your library.
 47875 | Spider:4 | Got Sif Muna's Dissertation on Rallying {god gift}
 47942 | Spider:4 | Learned a level 4 spell: Summon Lightning Spire
 48058 | Spider:4 | Reached skill level 12 in Summonings
 48494 | Spider:2 | magus.rc [v1.9.6]
 48744 | Spider:4 | Reached skill level 13 in Summonings
 49355 | Spider:4 | HP: 21/118 [something (13)]
 49649 | Spider:3 | magus.rc [v1.9.6]
 50322 | Shoals:1 | Reached skill level 14 in Summonings
 50324 | Shoals:1 | Reached skill level 14 in Spellcasting
 51041 | Shoals:1 | You pick up a book of Spectacle and begin reading...
 51596 | Shoals:2 | Found Cinyla's Distillery.
 51644 | Shoals:2 | Received a gift from Sif Muna
 51645 | Shoals:2 | You add the spells Foxfire, Necrotise, Fulminant Prism,
                  | Sticky Flame and Borgnjor's Revivification to your library.
 51645 | Shoals:2 | Got Sif Muna's Papyrus of Destructive Darkness {god gift}
 51752 | Shoals:2 | HP: 25/118 [wind drake/the air (18)]
 52015 | Shoals:2 | Reached skill level 15 in Summonings
 52206 | Shoals:2 | You pick up a book of Flames and begin reading...
 52206 | Shoals:2 | You add the spells Inner Flame and Flame Wave to your
                  | library.
 52410 | Shoals:2 | Found Toteod's Magic Scroll Emporium.
 52439 | Shoals:2 | You pick up a book of Rime and begin reading...
 52439 | Shoals:2 | You add the spells Frozen Ramparts and Summon Ice Beast to
                  | your library.
 52548 | Shoals:2 | Learned a level 8 spell: Summon Horrible Things
 52631 | Shoals:2 | Identified the +2 buckler "Uleizost" {Str+2}
 52913 | Shoals:2 | Found Laecosm's Distillery.
 52922 | Shoals:2 | Bought a potion of heal wounds for 70 gold pieces
 53394 | Shoals:3 | Reached skill level 16 in Summonings
 53840 | Shoals:3 | Reached skill level 1 in Shields
 53847 | Shoals:3 | Reached XP level 19. HP: 73/124 MP: 15/38
 53924 | Shoals:3 | Noticed Ilsuiw
 53931 | Shoals:3 | Killed Ilsuiw
 53932 | Shoals:3 | Reached skill level 2 in Shields
 53933 | Shoals:3 | HP: 23/124 [disintegration[the player character] (68)]
 53933 | Shoals:3 | HP: 8/124 [merfolk/+0 trident[Ilsuiw] (15)]
 53939 | Shoals:3 | HP: 30/124 [tentacle[a kraken] (14)]
 53940 | Shoals:3 | HP: 10/124 [tentacle[a kraken] (14)]
 53965 | Shoals:3 | Reached skill level 3 in Shields
 54295 | Shoals:3 | Reached skill level 4 in Shields
 54351 | Shoals:3 | Noticed Bai Suzhen
 54375 | Shoals:3 | Reached skill level 5 in Shields
 54421 | Shoals:3 | Received a gift from Sif Muna
 54424 | Shoals:3 | You add the spells Poisonous Vapours and Haunt to your
                  | library.
 54424 | Shoals:3 | Got Sif Muna's Essays on Pestilence and the Union {god
                  | gift}
 54588 | Shoals:3 | Found Utiggab's Antique Armour Emporium.
 54623 | Shoals:3 | Reached skill level 6 in Shields
 54662 | Shoals:3 | You finish putting on your +0 pearl dragon scales {rare=g}.
 54667 | Shoals:3 | You finish taking off your +0 pearl dragon scales {rare=g}.
 55031 | Shoals:3 | Killed Bai Suzhen
 55032 | Shoals:3 | Reached skill level 7 in Shields
 55658 | Shoals:4 | Entered Level 4 of the Shoals
 55685 | Shoals:4 | Noticed Polyphemus
 55687 | Shoals:4 | Reached skill level 15 in Spellcasting
 56029 | Shoals:4 | Reached skill level 17 in Summonings
 56129 | Shoals:4 | Received a gift from Sif Muna
 56130 | Shoals:4 | You add the spells Beastly Appendage, Olgreb's Toxic
                  | Radiance and Dragon Form to your library.
 56130 | Shoals:4 | Got Sif Muna's Compilation of Transformation and
                  | Contamination {god gift}
 56275 | Shoals:4 | Killed Polyphemus
 56555 | Shoals:4 | Got a barnacled rune of Zot
 56811 | Shoals:4 | You add the spells Scorch and Ignition to your library.
 56811 | Shoals:4 | Got the Handbook of Venomous Incandescence
 57066 | Vaults:1 | Entered Level 1 of the Vaults
 57399 | Vaults:1 | HP: 23/124 [yaktaur captain/bolt (28)]
 57433 | Vaults:1 | HP: 26/124 [white very ugly thing (10)]
 57433 | Vaults:1 | HP: 10/124 [white very ugly thing (16)]
 57439 | Vaults:1 | HP: 28/124 [white very ugly thing (15)]
 57445 | Vaults:1 | HP: 27/124 [yaktaur[a yaktaur captain] (9)]
 57467 | Vaults:1 | Reached skill level 18 in Summonings
 57824 | Vaults:1 | magus.rc [v1.9.6]
 57824 | Vaults:1 | magus.rc [v1.9.6]
 57978 | Vaults:1 | Reached XP level 20. HP: 127/130 MP: 25/40
 58061 | Vaults:1 | Reached skill level 16 in Spellcasting
 58150 | Vaults:1 | Received a gift from Sif Muna
 58151 | Vaults:1 | You add the spells Freeze, Ozocubu's Armour, Monstrous
                  | Menagerie and Summon Hydra to your library.
 58151 | Vaults:1 | Got Sif Muna's Spellbook of Hoarfrost and Generation {god
                  | gift, @e2}
 58270 | Vaults:1 | Noticed an ancient lich
 58285 | Vaults:1 | Killed an ancient lich
 58602 | Vaults:1 | You pick up a book of Ice and begin reading...
 58602 | Vaults:1 | You add the spells Simulacrum and Polar Vortex to your
                  | library.
 59259 | Vaults:1 | Reached skill level 19 in Summonings
 60067 | Vaults:2 | Reached skill level 10 in Dodging
 60248 | Vaults:2 | Reached skill level 11 in Fighting
 60914 | Vaults:2 | Found a staircase to the Crypt.
 60914 | Vaults:2 | Found a basalt altar of Yredelemnul.
 61127 | Vaults:2 | Reached skill level 11 in Dodging
 61509 | Vaults:2 | Received a gift from Sif Muna
 61510 | Vaults:2 | You pick up a book of Blood and begin reading...
 61510 | Vaults:2 | You add the spells Sublimation of Blood and Wereblood to
                  | your library.
 61682 | Vaults:2 | Reached skill level 12 in Fighting
 61785 | Vaults:2 | Found an ancient bone altar of Kikubaaqudgha.
 61854 | Vaults:2 | You pick up a book of Lightning and begin reading...
 62051 | Vaults:3 | Found Wuun Jut's Magic Scroll Shoppe.
 62384 | Vaults:3 | Found Qostim's Distillery.
 62392 | Vaults:3 | Bought a potion of heal wounds for 105 gold pieces
 62518 | Vaults:3 | Bought a potion of brilliance for 84 gold pieces
 62518 | Vaults:3 | Bought a potion of brilliance for 84 gold pieces
 62568 | Vaults:3 | Reached skill level 12 in Dodging
 62570 | Vaults:3 | Reached XP level 21. HP: 140/140 MP: 30/42
 63398 | Vaults:3 | Found a transporter.
 63662 | Vaults:3 | Received a gift from Sif Muna
 63663 | Vaults:3 | You add the spells Conjure Ball Lightning, Dispersal and
                  | Maxwell's Capacitive Coupling to your library.
 63663 | Vaults:3 | Got Kemostre's Vellum of Overcast Wanderlust {god gift}
 63664 | Vaults:3 | Reached skill level 13 in Fighting
 64029 | Vaults:3 | Found a transporter.
 64076 | Vaults:3 | Found a bloodstained altar of Trog.
 64076 | Vaults:3 | Found the +8 Wrath of Trog {antimagic, *Rage Rampage}
 64643 | Vaults:4 | Reached skill level 13 in Dodging
 65393 | Vaults:4 | You pick up a book of Beasts and begin reading...
 66129 | Elf:1    | Entered Level 1 of the Elven Halls
 66130 | Elf:1    | Paralysed by an air elemental for 1 turns
 66186 | Elf:1    | Paralysed by an air elemental for 1 turns
 66196 | Elf:1    | Reached skill level 14 in Fighting
 66391 | Elf:1    | Found Warphed's Antique Armour Emporium.
 66539 | Elf:1    | You add the spells Blink and Manifold Assault to your
                  | library.
 66626 | Elf:1    | Reached skill level 14 in Dodging
 66971 | Elf:1    | You pick up a book of the Tundra and begin reading...
 66974 | Elf:1    | You pick up a book of Necromancy and begin reading...
 67732 | Elf:1    | Learned a level 7 spell: Haunt
 67995 | Elf:1    | Received a gift from Sif Muna
 68013 | Elf:1    | You pick up a book of the Earth and begin reading...
 68013 | Elf:1    | You add the spells Leda's Liquefaction and Statue Form to
                  | your library.
 68334 | Elf:2    | You pick up a book of Callings and begin reading...
 68351 | Elf:2    | Identified the +2 battleaxe of the Empty Page {flame,
                  | Int+2}
 69088 | Elf:2    | Found a shimmering blue altar of Sif Muna.
 69242 | Elf:2    | Found a runed translucent gate.
 69243 | Elf:2    | Found a runed translucent gate.
 69243 | Elf:2    | Found a runed translucent gate.
 69344 | Elf:3    | Entered Level 3 of the Elven Halls
 69721 | Elf:3    | Reached skill level 7 in Armour
 69904 | Elf:3    | Got the Lectures on Changing
 70104 | Elf:3    | Got the Lectures on Transformation and the Chill
 70163 | Elf:3    | Identified Roxanne's Anthology of the Rocks
 70163 | Elf:3    | Noticed Roxanne
 70591 | Elf:3    | Reached skill level 8 in Armour
 70591 | Elf:3    | Reached XP level 22. HP: 80/151 MP: 28/43
 70600 | Elf:3    | Received a gift from Sif Muna
 70771 | Elf:3    | Got Verer's Meditations on Charged Confrontation {god gift}
 70777 | Elf:3    | Reached skill level 9 in Armour
 70988 | Elf:3    | Reached skill level 10 in Armour
 71387 | Elf:3    | Identified the +5 long sword of Triumph {freeze, rC+}
 71436 | Elf:3    | Reached skill level 11 in Armour
 71436 | Elf:3    | Identified the amulet "Juufumer" {RegenMP Fragile Regen+
                  | Str+3 Int+7}
 71585 | Elf:3    | Identified the ring of Fulayski {Fire +Blink Str+2 Int+5
                  | Dex-4}
 71634 | Elf:3    | the +0 quick blade {shortrare=g} thirsts for the lives of
                  | mortals!
 71634 | Elf:3    | a +0 vampiric quick blade {shortrare=g}
 71793 | Elf:3    | Could not pick up a +0 vampiric quick blade {shortrare=g}
                  | and a +0 quick blade {shortrare=g} here; ([A]lways) ignore
                  | them?
 71793 | Elf:3    | Could not pick up a +0 vampiric quick blade {shortrare=g}
                  | and a +0 quick blade {shortrare=g} here; ([A]lways) ignore
                  | them?
 71799 | Elf:3    | Identified the +3 mace of Jaoffibb {holy, Str+2 Dex-4 SInv
                  | Stlth+}
 71947 | Elf:3    | You pick up a book of Blasting and begin reading...
 71955 | Elf:3    | You add the spells Infestation and Necromutation to your
                  | library.
 71955 | Elf:3    | Got the Compilation of Sinister Arts
 71957 | Elf:3    | Identified the +4 plate armour of an ossuary {Dex+3}
 71963 | Elf:3    | You pick up a book of Alchemy and begin reading...
 71994 | Elf:3    | You finish putting on your +0 pearl dragon scales {rare=g}.
 71999 | Elf:3    | You finish taking off your +0 pearl dragon scales {rare=g}.
 72004 | Elf:3    | your +0 pearl dragon scales {rare=g} glow green for a
                  | moment.
 72005 | Elf:3    | your +1 pearl dragon scales {rare=g} glow green for a
                  | moment.
 72006 | Elf:3    | your +2 pearl dragon scales {rare=g} glow green for a
                  | moment.
 72007 | Elf:3    | magus.rc [v1.9.6]
 72018 | Elf:3    | You finish putting on your +3 pearl dragon scales {rare=g}.
 72018 | Elf:3    | magus.rc [v1.9.6]
 72018 | Elf:3    | magus.rc [v1.9.6]
 72601 | Spider:4 | Reached skill level 17 in Spellcasting
 72674 | Spider:4 | Reached skill level 12 in Necromancy
 72775 | Spider:4 | Got a gossamer rune of Zot
 73122 | Depths:1 | Entered Level 1 of the Depths
 73122 | Depths:1 | Noticed Aizul
 73122 | Depths:1 | Found Ojairour's General Store.
 73129 | Depths:1 | Killed Aizul
 73155 | Depths:1 | You pick up a book of Iron and begin reading...
 73207 | Depths:1 | Found Fezocamp's Armour Boutique.
 73331 | Depths:1 | Noticed Nikola
 73340 | Depths:1 | Killed Nikola
 73342 | Depths:1 | Found a one-way gate to the infinite horrors of the Abyss.
 73524 | Depths:1 | You are sucked into a shaft and drop 1 floor!
 73536 | Depths:2 | Found a magical portal.
 73556 | WizLab   | Entered Doroklohe's Tomb
 73846 | WizLab   | Noticed an ancient lich
 73856 | WizLab   | Killed an ancient lich
 73956 | WizLab   | Reached skill level 20 in Summonings
 74076 | WizLab   | your +3 pearl dragon scales {rare=g} glow green for a
                  | moment.
 74139 | WizLab   | your +4 pearl dragon scales {rare=g} glow green for a
                  | moment.
 74404 | Depths:1 | Found a runed translucent gate.
 74404 | Depths:1 | Found a runed translucent gate.
 74404 | Depths:1 | Found a runed translucent gate.
 74405 | Depths:1 | Found an opulent altar of Gozag.
 74405 | Depths:1 | Found Woasmoe's Assorted Antiques.
 74405 | Depths:1 | Found Ciesiw's Assorted Antiques.
 74406 | Depths:1 | Noticed Ompaem's ghost (adept HOMo)
 74626 | Depths:1 | Found a gateway to Hell.
 74634 | Depths:1 | Reached skill level 13 in Necromancy
 74787 | Depths:1 | Found a broken altar of Ashenzari.
 75071 | Depths:1 | Paralysed by a floating eye for 3 turns
 75087 | Depths:1 | Killed Ompaem's ghost
 75088 | Depths:1 | Reached XP level 23. HP: 157/157 MP: 4/45
 75141 | Depths:1 | Bought a scroll of enchant armour for 195 gold pieces
 75141 | Depths:1 | Bought a scroll of enchant armour for 195 gold pieces
 75141 | Depths:1 | Bought a potion of heal wounds for 130 gold pieces
 75141 | Depths:1 | your +5 pearl dragon scales {rare=g} glow green for a
                  | moment.
 75142 | Depths:1 | your +6 pearl dragon scales {rare=g} glow green for a
                  | moment.
 75143 | Depths:1 | Bought a potion of cancellation for 208 gold pieces
 75379 | Depths:2 | Found a one-way gate leading to the halls of Pandemonium.
 75426 | Depths:2 | Found a one-way gateway to a ziggurat.
 75505 | Depths:2 | Received a gift from Sif Muna
 75506 | Depths:2 | You pick up a book of Conjurations and begin reading...
 75728 | Depths:2 | Noticed a juggernaut
 75772 | Depths:2 | Killed a juggernaut
 76035 | Depths:2 | Noticed a golden dragon
 76051 | Depths:2 | Killed a golden dragon
 76854 | Depths:3 | Reached skill level 18 in Spellcasting
 76864 | Depths:3 | Reached skill level 14 in Necromancy
 77042 | Depths:3 | Reached skill level 21 in Summonings
 77211 | Depths:3 | Found a radiant altar of Vehumet.
 77283 | Depths:3 | Received a gift from Sif Muna
 77284 | Depths:3 | You add the spells Death's Door and Dragon's Call to your
                  | library.
 77284 | Depths:3 | Got Sif Muna's Folio of Assembled Misery {god gift}
 77294 | Depths:3 | Identified the ring of Cowardice {Fly rPois Str+2 Dex+4}
 77294 | Depths:3 | a spriggan berserker comes into view. It is wielding the +9
                  | staff of Wucad Mu {*channel} and wearing the ring of
                  | Cowardice {Fly rPois Str+2 Dex+4}.
 77309 | Depths:3 | Found a sacrificial altar of Ru.
 77312 | Depths:3 | Noticed a golden dragon
 77316 | Depths:3 | Killed a golden dragon
 77316 | Depths:3 | Identified +0 gold dragon scales
 77344 | Depths:3 | You are cast into the Abyss!
 77344 | Abyss:2  | Cast into level 2 of the Abyss (a wizard)
 77883 | Abyss:2  | Found a corrupted altar of Lugonu.
 78009 | Depths:3 | You pass through the gate.
 78009 | Depths:3 | Escaped the Abyss
 78015 | Depths:3 | Reached skill level 22 in Summonings
 78084 | Depths:3 | Reached XP level 24. HP: 160/163 MP: 12/46
 78087 | Depths:3 | Reached skill level 19 in Spellcasting
 78256 | Depths:3 | Found a white marble altar of Elyvilon.
 78380 | Depths:3 | e - +0 gold dragon scales {rare}
 78405 | Depths:3 | x - +0 shadow dragon scales {rare}
 78413 | Depths:3 | Received a gift from Sif Muna
 78416 | Depths:3 | You pick up a book of Death and begin reading...
 78451 | Depths:3 | Identified +0 gold dragon scales
 78465 | Depths:3 | G - +0 gold dragon scales {rare}
 78473 | Depths:3 | Found a sparkling altar of Nemelex Xobeh.
 78515 | Depths:3 | Learned a level 9 spell: Dragon's Call
 78648 | Depths:3 | You pick up a book of Armaments and begin reading...
 78930 | Depths:4 | Entered Level 4 of the Depths
 78949 | Depths:4 | Identified +9 gold dragon scales
 78949 | Depths:4 | Noticed Parghit
 78964 | Depths:4 | Killed Parghit
 79020 | Depths:4 | Could not pick up +9 gold dragon scales {rare} here;
                  | ([A]lways) ignore it?
 79176 | Depths:4 | your +7 pearl dragon scales {rare=g} glow green for a
                  | moment.
 79177 | Depths:4 | your +8 pearl dragon scales {rare=g} glow green for a
                  | moment.
 79200 | Depths:4 | Noticed Mennas
 79255 | Depths:4 | Killed Mennas
 79256 | Depths:4 | Reached skill level 23 in Summonings
 79367 | Depths:4 | +0 shadow dragon scales {rare}; a shadow dragon corpse
 79372 | Depths:4 | +0 shadow dragon scales {rare}; a shadow dragon corpse
 79384 | Depths:4 | d - +0 shadow dragon scales {rare}
 79444 | Depths:4 | You pick up a book of Annihilations and begin reading...
 79626 | Depths:4 | Noticed Sojobo
 79641 | Depths:4 | Killed Sojobo
 79642 | Depths:4 | Received a gift from Sif Muna
 79643 | Depths:4 | You add the spells Tukima's Dance and Passage of Golubria
                  | to your library.
 79809 | Depths:4 | Found a gate to the Realm of Zot.
 80199 | Vaults:4 | magus.rc [v1.9.6]
 80513 | Slime:1  | Entered Level 1 of the Pits of Slime
 80524 | Slime:1  | Reached skill level 20 in Spellcasting
 80566 | Slime:2  | Gained mutation: Potions are less effective at restoring
                  | your health. [a shining eye]
 80699 | Slime:4  | Gained mutation: You are partially covered in iridescent
                  | scales. (AC +2) [a shining eye]
 80762 | Slime:5  | Entered Level 5 of the Pits of Slime
 80776 | Slime:5  | Reached skill level 24 in Summonings
 80842 | Slime:5  | Gained mutation: You are clumsy. (Dex -2) [a shining eye]
 80893 | Slime:5  | Received a gift from Sif Muna
 80896 | Slime:5  | Got Iduteu Veaq's Reference Book on Floating Evolution {god
                  | gift}
 81080 | Slime:5  | Reached XP level 25. HP: 164/169 MP: 14/48
 81080 | Slime:5  | Noticed the Royal Jelly
 81086 | Slime:5  | Killed the Royal Jelly
 81142 | Slime:5  | You drop +0 shadow dragon scales {rare}.
 81143 | Slime:5  | You drop +0 gold dragon scales {rare}.
 81145 | Slime:5  | You drop +0 shadow dragon scales {rare}.
 81146 | Slime:5  | You drop +0 gold dragon scales {rare}.
 81168 | Slime:5  | You pick up a book of Annihilations and begin reading...
 81184 | Slime:5  | You pick up a book of Fire and begin reading...
 81192 | Slime:5  | Identified the ring of the Amoeba {Fire Drain rPois Dex+5
                  | Slay+6}
 81215 | Slime:5  | You pick up a book of Scorching and begin reading...
 81216 | Slime:5  | Identified the ring of Tomorrow {Fly rC+ Str+3 Dex+4}
 81239 | Slime:5  | You add the spells Gell's Gravitas and Teleport Other to
                  | your library.
 81241 | Slime:5  | Got a slimy rune of Zot
 81246 | Slime:5  | your +9 pearl dragon scales {rare=g} glow green for a
                  | moment.
 81263 | Slime:5  | Identified the +1 hand crossbow of Immorality {penet,
                  | Int+4}
 81684 | Vaults:4 | Lost mutation: You are clumsy. (Dex -2) [potion of
                  | mutation]
 81684 | Vaults:4 | Lost mutation: You are partially covered in iridescent
                  | scales. (AC +2) [potion of mutation]
 81684 | Vaults:4 | Lost mutation: Potions are less effective at restoring your
                  | health. [potion of mutation]
 81684 | Vaults:4 | Gained mutation: You have hidden genetic defects. [potion
                  | of mutation]
 81684 | Vaults:4 | Gained mutation: You expend magic power (3 MP) to
                  | strengthen your wands. [potion of mutation]
 81684 | Vaults:4 | Gained mutation: Your body sometimes deteriorates upon
                  | taking damage. [potion of mutation]
 81684 | Vaults:4 | Gained mutation: You are partially covered in iridescent
                  | scales. (AC +2) [potion of mutation]
 81685 | Vaults:4 | Lost mutation: You expend magic power (3 MP) to strengthen
                  | your wands. [potion of mutation]
 81685 | Vaults:4 | Lost mutation: Your body sometimes deteriorates upon taking
                  | damage. [potion of mutation]
 81686 | Vaults:4 | Lost mutation: You are robust. (+10% HP) [potion of
                  | mutation]
 81686 | Vaults:4 | Lost mutation: You have hidden genetic defects. [potion of
                  | mutation]
 81686 | Vaults:4 | Lost mutation: You are partially covered in iridescent
                  | scales. (AC +2) [potion of mutation]
 81686 | Vaults:4 | Gained mutation: Your flesh is heat resistant. (rF+)
                  | [potion of mutation]
 81686 | Vaults:4 | Gained mutation: Your magical capacity is low. (-10% MP)
                  | [potion of mutation]
 81687 | Vaults:4 | Lost mutation: Your flesh is heat resistant. (rF+) [potion
                  | of mutation]
 81687 | Vaults:4 | Lost mutation: Your magical capacity is low. (-10% MP)
                  | [potion of mutation]
 81687 | Vaults:4 | Gained mutation: You are partially covered in iridescent
                  | scales. (AC +2) [potion of mutation]
 81687 | Vaults:4 | Gained mutation: You are agile. (Dex +4, Str/Int -1)
                  | [potion of mutation]
 81694 | Vaults:5 | Entered Level 5 of the Vaults
 81712 | Vaults:5 | HP: 36/154 [spore (7)]
 81845 | Vaults:4 | Reached skill level 21 in Spellcasting
 81887 | Vaults:5 | Noticed an ancient lich
 81896 | Vaults:5 | Killed an ancient lich
 81914 | Vaults:5 | Reached skill level 25 in Summonings
 81933 | Vaults:5 | Found the +9 staff of Olgreb {rPois∞}
 81946 | Vaults:5 | You pick up a book of Flames and begin reading...
 81948 | Vaults:5 | You pick up a book of Spatial Translocations and begin
                  | reading...
 81948 | Vaults:5 | You add the spells Momentum Strike and Lesser Beckoning to
                  | your library.
 82031 | Vaults:5 | Noticed Jory
 82043 | Vaults:5 | Killed Jory
 82118 | Vaults:5 | Received a gift from Sif Muna
 82134 | Vaults:5 | a necromancer comes into view. It is wielding a +1 lajatang
                  | of speed and wearing the amulet of the Air {Inacc Air Fly
                  | rElec RMsl}.
 82181 | Vaults:5 | Reached skill level 26 in Summonings
 82193 | Vaults:5 | Identified +0 gold dragon scales
 82375 | Vaults:5 | Identified +0 gold dragon scales
 82381 | Vaults:5 | +0 gold dragon scales {rare}; a golden dragon corpse
 82440 | Vaults:5 | +0 gold dragon scales {rare}; a golden dragon corpse
 82500 | Vaults:5 | Identified the ring "Quenk" {rElec Will- Int+6 Dex+3}
 82512 | Vaults:5 | Got Sif Muna's Almanac of Hazy Malignant Rituals
 82585 | Vaults:5 | Received a gift from Sif Muna
 82590 | Vaults:5 | You pick up a book of the Hunter and begin reading...
 82727 | Vaults:5 | You pick up a book of the Warp and begin reading...
 82734 | Vaults:5 | Got a silver rune of Zot
 83053 | Vaults:5 | Reached skill level 27 in Summonings
 83173 | Crypt:1  | Entered Level 1 of the Crypt
 83175 | Crypt:1  | Noticed a curse skull
 83470 | Zot:1    | Entered Level 1 of the Realm of Zot
 83478 | Zot:1    | Reached skill level 15 in Fighting
 83498 | Zot:1    | Identified the ring "Hywn" {Ice Drain Fly rPois SInv}
 83498 | Zot:1    | Noticed Josephina
 83520 | Zot:1    | Killed Josephina
 83704 | Zot:1    | Identified the +5 tower shield "Doorenye" {rN+ Slay+3}
 84362 | Zot:2    | Reached XP level 26. HP: 159/161 MP: 45/49
 84436 | Zot:2    | x - quicksilver dragon scales {rare}
 84685 | Zot:2    | HP: 32/161 [green draconian monk[a white draconian
                  | stormcaller] (19)]
 84685 | Zot:2    | HP: 7/161 [green draconian monk[a white draconian
                  | stormcaller] (15)]
 84691 | Zot:2    | HP: 29/161 [green draconian monk[a white draconian
                  | stormcaller] (12)]
 84693 | Zot:2    | Noticed an orb of fire
 84694 | Zot:2    | Gained mutation: You are frail. (-10% HP) [an orb of fire]
 84695 | Zot:2    | HP: 6/144 [orb of fire/fireball (27)]
 84700 | Zot:2    | HP: 32/144 [orb of fire/bolt of fire (14)]
 84704 | Zot:2    | Lost mutation: You are agile. (Dex +4, Str/Int -1) [an orb
                  | of fire]
 84706 | Zot:2    | HP: 22/144 [orb of fire/bolt of fire (20)]
 84716 | Zot:2    | Killed an orb of fire
 84789 | Zot:1    | Lost mutation: You are partially covered in iridescent
                  | scales. (AC +2) [potion of mutation]
 84789 | Zot:1    | Lost mutation: You are frail. (-10% HP) [potion of
                  | mutation]
 84789 | Zot:1    | Gained mutation: Your flesh is cold resistant. (rC+)
                  | [potion of mutation]
 84789 | Zot:1    | Gained mutation: You are resistant to electric shocks.
                  | (rElec) [potion of mutation]
 84790 | Zot:1    | Lost mutation: Your flesh is cold resistant. (rC+) [potion
                  | of mutation]
 84790 | Zot:1    | Lost mutation: You are resistant to electric shocks.
                  | (rElec) [potion of mutation]
 84790 | Zot:1    | Gained mutation: You expend magic power (3 MP) to
                  | strengthen your wands. [potion of mutation]
 84790 | Zot:1    | Gained mutation: Armour fits poorly on your strangely
                  | shaped body. [potion of mutation]
 84791 | Zot:1    | Lost mutation: Armour fits poorly on your strangely shaped
                  | body. [potion of mutation]
 84791 | Zot:1    | Lost mutation: You expend magic power (3 MP) to strengthen
                  | your wands. [potion of mutation]
 84791 | Zot:1    | Gained mutation: You occasionally lose the ability to read
                  | scrolls when taking damage. [potion of mutation]
 84791 | Zot:1    | Gained mutation: You passively map a small area around you.
                  | [potion of mutation]
 84791 | Zot:1    | Gained mutation: Your natural rate of healing is unusually
                  | fast. [potion of mutation]
 84792 | Zot:1    | Lost mutation: You passively map a small area around you.
                  | [potion of mutation]
 84792 | Zot:1    | Lost mutation: Your natural rate of healing is unusually
                  | fast. [potion of mutation]
 84792 | Zot:1    | Gained mutation: Your muscles are strong. (Str +4, Int/Dex
                  | -1) [potion of mutation]
 84792 | Zot:1    | Gained mutation: Your muscles are very strong. (Str +8,
                  | Int/Dex -2) [potion of mutation]
 84792 | Zot:1    | Gained mutation: Your spells are a little harder to cast,
                  | but a little more powerful. [potion of mutation]
 84793 | Zot:1    | Lost mutation: Your muscles are very strong. (Str +8,
                  | Int/Dex -2) [potion of mutation]
 84793 | Zot:1    | Lost mutation: Your muscles are strong. (Str +4, Int/Dex
                  | -1) [potion of mutation]
 84793 | Zot:1    | Gained mutation: You are clumsy. (Dex -2) [potion of
                  | mutation]
 84793 | Zot:1    | Gained mutation: You sometimes lose your temper in combat.
                  | [potion of mutation]
 84793 | Zot:1    | Gained mutation: You are weak. (Str -2) [potion of
                  | mutation]
 84794 | Zot:1    | Lost mutation: You occasionally lose the ability to read
                  | scrolls when taking damage. [potion of mutation]
 84794 | Zot:1    | Lost mutation: You are weak. (Str -2) [potion of mutation]
 84794 | Zot:1    | Lost mutation: You are clumsy. (Dex -2) [potion of
                  | mutation]
 84794 | Zot:1    | Gained mutation: You are dopey. (Int -2) [potion of
                  | mutation]
 84794 | Zot:1    | Gained mutation: Your movements are slightly less
                  | encumbered by armour. (ER -2) [potion of mutation]
 84794 | Zot:1    | Gained mutation: You have hidden genetic potential. [potion
                  | of mutation]
 84795 | Zot:1    | Lost mutation: Your spells are a little harder to cast, but
                  | a little more powerful. [potion of mutation]
 84795 | Zot:1    | Lost mutation: Your movements are slightly less encumbered
                  | by armour. (ER -2) [potion of mutation]
 84795 | Zot:1    | Lost mutation: You sometimes lose your temper in combat.
                  | [potion of mutation]
 84795 | Zot:1    | Gained mutation: You are partially covered in large bone
                  | plates. (SH +4) [potion of mutation]
 84795 | Zot:1    | Lost mutation: You have hidden genetic potential. [potion
                  | of mutation]
 84796 | Zot:1    | Lost mutation: You are dopey. (Int -2) [potion of mutation]
 84796 | Zot:1    | Lost mutation: You are partially covered in large bone
                  | plates. (SH +4) [potion of mutation]
 84796 | Zot:1    | Gained mutation: Your spells are a little harder to cast,
                  | but a little more powerful. [potion of mutation]
 84796 | Zot:1    | Gained mutation: You are agile. (Dex +4, Str/Int -1)
                  | [potion of mutation]
 84796 | Zot:1    | Gained mutation: Armour fits poorly on your strangely
                  | shaped body. [potion of mutation]
 84797 | Zot:1    | Lost mutation: Your spells are a little harder to cast, but
                  | a little more powerful. [potion of mutation]
 84797 | Zot:1    | Lost mutation: You are agile. (Dex +4, Str/Int -1) [potion
                  | of mutation]
 84797 | Zot:1    | Lost mutation: Armour fits poorly on your strangely shaped
                  | body. [potion of mutation]
 84797 | Zot:1    | Gained mutation: You are strong-willed. (Will+) [potion of
                  | mutation]
 85120 | Zot:2    | Reached skill level 16 in Fighting
 85238 | Zot:2    | You pick up a book of Spatial Translocations and begin
                  | reading...
 85730 | Zot:3    | Received a gift from Sif Muna
 85733 | Zot:3    | Got Sif Muna's Atlas of the Sky and Hexes {god gift}
 85897 | Zot:3    | +0 storm dragon scales {rare}; a storm dragon corpse
 85923 | Zot:3    | F - +0 storm dragon scales {rare}
 86022 | Zot:3    | Reached skill level 17 in Fighting
 86431 | Zot:3    | You drop quicksilver dragon scales {rare}.
 86433 | Zot:3    | You drop +0 storm dragon scales {rare}.
 86543 | Zot:3    | Noticed an electric golem
 86575 | Zot:3    | Killed an electric golem
 86794 | Zot:3    | Got Ujoytwuwn's Textbook on the Caves and Allies
 87190 | Zot:4    | Reached skill level 18 in Fighting
 87359 | Zot:4    | Identified +0 gold dragon scales
 87404 | Zot:4    | Noticed a curse toe
 87412 | Zot:4    | +0 storm dragon scales {rare}; a storm dragon corpse
 87421 | Zot:4    | Killed a curse toe
 87514 | Zot:4    | x - +0 storm dragon scales {rare}
 87598 | Zot:4    | Identified the +0 pair of gloves of Befu {rN+ Dex+4}
 87613 | Zot:4    | You pick up a book of Death and begin reading...
 88013 | Zot:5    | Entered Level 5 of the Realm of Zot
 88036 | Zot:5    | magus.rc [v1.9.6]
 88062 | Zot:5    | +0 storm dragon scales {rare}; a storm dragon corpse
 88130 | Zot:5    | F - +0 storm dragon scales {rare}
 88157 | Zot:5    | Learned a level 7 spell: Malign Gateway
 88174 | Zot:5    | Reached skill level 1 in Translocations
 88294 | Zot:5    | Reached skill level 2 in Translocations
 88312 | Zot:5    | Reached skill level 3 in Translocations
 88328 | Zot:5    | Reached skill level 4 in Translocations
 88368 | Zot:5    | Noticed an orb of fire
 88379 | Zot:5    | Killed an orb of fire
 88380 | Zot:5    | Reached skill level 5 in Translocations
 88469 | Zot:5    | quicksilver dragon scales {rare}; a quicksilver dragon
                  | corpse
 88547 | Zot:5    | Noticed an electric golem
 88571 | Zot:5    | magus.rc [v1.9.6]
 88572 | Zot:5    | You drop +0 storm dragon scales {rare}.
 88574 | Zot:5    | You drop +0 storm dragon scales {rare}.
 88593 | Zot:5    | Noticed a Killer Klown
 88598 | Zot:5    | Noticed a dread lich
 88599 | Zot:5    | Noticed an ancient lich
 88599 | Zot:5    | Noticed an ancient lich
 88601 | Zot:5    | Noticed a dread lich
 88610 | Zot:5    | Noticed a dread lich
 88627 | Zot:5    | Killed a Killer Klown
 88630 | Zot:5    | Killed an ancient lich
 88631 | Zot:5    | Reached skill level 6 in Translocations
 88654 | Zot:5    | Killed a dread lich
 88660 | Zot:5    | Killed a dread lich
 88661 | Zot:5    | Reached skill level 7 in Translocations
 88662 | Zot:5    | Reached XP level 27. HP: 163/175 MP: 13/49
 88674 | Zot:5    | Killed a dread lich
 88702 | Zot:5    | Killed an ancient lich
 88821 | Zot:5    | Reached skill level 19 in Fighting
 88822 | Zot:5    | Reached ****** piety under Sif Muna
 88832 | Zot:5    | Noticed a dread lich
 88837 | Zot:5    | Received a gift from Sif Muna
 88840 | Zot:5    | Noticed an electric golem
 88840 | Zot:5    | Noticed an ancient lich
 88840 | Zot:5    | Killed a dread lich
 88841 | Zot:5    | Noticed an ancient lich
 88842 | Zot:5    | Paralysed by a Zot trap for 5 turns
 88842 | Zot:5    | Noticed an orb of fire
 88844 | Zot:5    | Killed an ancient lich
 88850 | Zot:5    | Got the Orb of Zot
 88853 | Zot:5    | Killed an ancient lich
 88915 | Zot:5    | Noticed Fycsesh the pandemonium lord
 89451 | D:1      | Noticed Peudoast the pandemonium lord
 89457 | D:$      | Escaped with the Orb!

Vanquished Creatures
  A dread lich (Zot:5)
  An ancient lich (Zot:5)
  A juggernaut (Depths:2)
  A Killer Klown (Zot:5)
  Rupert (Lair:5)
  Jorgrun (D:15)
  A deep elf blademaster (Elf:3)
  A death cob (Zot:5)
  2 sphinxes
  Kirke (D:13)
  3 storm dragons
  Donald (Spider:1)
  A tengu reaver (Vaults:5)
  A fire giant (Vaults:5)
  A vault warden (Vaults:4)
  2 emperor scorpions (Spider:2)
  A deep elf sorcerer (Vaults:4)
  A juggernaut zombie (D:15)
  A draconian scorcher (Zot:5)
  A caustic shrike zombie (D:15)
  An ironbound preserver (Vaults:2)
  A ghost moth (Spider:1)
  A deep elf elementalist (Elf:3)
  An orc warlord (Orc:2)
  2 stone giants (Depths:2)
  A broodmother (Spider:4)
  2 very ugly things
  Nessos (D:13)
  An ironbound thunderhulk (Vaults:4)
  An elemental wellspring (Shoals:1)
  A black draconian (Zot:5)
  6 deep elf annihilators
  A deep elf demonologist (Elf:3)
  A purple draconian (Zot:3)
  A yellow draconian (Zot:2)
  A minotaur (Gauntlet)
  2 spark wasps
  3 ettins (Depths:2)
  2 merfolk javelineers (Shoals:3)
  4 merfolk impalers
  A mummy priest (WizLab)
  4 deep elf high priests
  A fire dragon (Depths:2)
  6 entropy weavers
  A rakshasa (Depths:2)
  3 yaktaur captains
  24 vault guards
  4 hydras
  2 catoblepae
  2 spriggan air magi (Depths:3)
  10 centaur warriors
  2 radroaches
  An ironbound frostheart (Vaults:2)
  3 jorogumos
  A death knight (D:14)
  5 boulder beetles
  4 merfolk avatars
  2 alligator snapping turtles
  4 merfolk aquamancers
  3 dancing weapons (Elf:1)
  7 two-headed ogres
  3 death scarabs (Spider:4)
  5 tengu warriors
  A deep troll shaman (Depths:2)
  Sonja (D:10)
  A vampire mage (D:15)
  3 deep troll earth magi (Depths:1)
  An orc high priest (Orc:2)
  A hell knight (Depths:4)
  A soul eater (Depths:3)
  4 spriggan berserkers
  Nergalle (Orc:2)
  5 deep elf knights
  A sun moth (Spider:3)
  An iron troll (Depths:3)
  2 skeletal warriors
  8 sea snakes
  Lodul (D:13)
  8 pharaoh ants
  7 deep trolls
  5 orb spiders
  5 deep elf archers
  5 steelbarb worms
  An obsidian statue (Depths:1)
  3 necromancers
  A spriggan druid (Elf:1)
  2 wizards
  8 orc knights
  15 deep elf pyromancers
  A spectral wolf spider (Spider:4)
  7 ironbound convokers
  A starcursed mass (Abyss:2)
  4 harpies
  A kraken simulacrum (Shoals:4)
  12 deep elf zephyrmancers
  A mana viper (shapeshifter) (D:13)
  2 lindwurms
  A harpy (shapeshifter) (D:14)
  A frost giant zombie (D:15)
  3 fauns
  10 manticores
  8 moths of wrath
  4 orc sorcerers
  16 wolf spiders
  A salamander (Volcano)
  A fire giant zombie (D:15)
  A demonspawn zombie (WizLab)
  17 ugly things
  6 cyclopes
  A nameless horror (Vaults:2)
  A water nymph (Shoals:4)
  6 merfolk sirens
  2 torpor snails
  6 orange demons (D:15)
  4 black mambas
  6 gargoyles
  2 molten gargoyles (Lair:5)
  Maurice (D:11)
  A vault sentinel (Vaults:1)
  An ice statue (Gauntlet)
  2 minotaur zombies (Gauntlet)
  A smoke demon (Abyss:3)
  Psyche (D:11)
  12 yaktaurs
  2 unseen horrors
  A demonic crawler (Spider:1)
  4 cane toads
  3 rime drakes
  3 kobold demonologists (D:12)
  5 komodo dragons
  A guardian mummy (D:15)
  3 redback zombies (Spider:4)
  10 merfolk
  6 trolls
  A tengu conjurer (Depths:3)
  3 red devils (D:15)
  A polar bear (Lair:3)
  An ancient zyme (Abyss:2)
  5 meliai
  2 wind drakes
  A queen bee (Lair:4)
  A tyrant leech (shapeshifter) (D:14)
  16 tarantellas
  11 slime creatures
  12 blink frogs
  2 jumping spider zombies (Spider:4)
  A frost giant simulacrum (Depths:1)
  A culicivora zombie (Spider:4)
  A jumping spider (shapeshifter) (D:15)
  A centaur simulacrum (D:15)
  10 jumping spiders
  4 snapping turtles
  17 culicivoras
  6 wraiths
  3 shadows (D:12)
  7 water elementals
  A spriggan (Depths:3)
  A ynoxinul (Abyss:2)
  5 wyverns (Lair:5)
  A hog (D:13)
  39 yaks
  3 fire bats
  2 fire elementals
  5 basilisks
  2 steam dragons
  27 redbacks
  3 wargs (Orc:2)
  6 vampire mosquitoes
  An acid dragon (D:9)
  6 water moccasins
  4 hell hounds
  2 ice beasts
  2 black bears
  35 orc warriors
  13 wolves
  2 ettin simulacra (Depths:3)
  A small abomination (Abyss:2)
  13 ogres
  14 centaurs
  A phantom (D:5)
  A kobold brigand (D:12)
  Blork the orc (Orc:2)
  6 bullfrogs
  A gnoll sergeant (D:8)
  11 scorpions
  18 killer bees
  6 howler monkeys
  3 electric eels
  5 lava snakes (Lair:5)
  A quasit (Abyss:2)
  2 gnoll boudas (D:7)
  2 human zombies (Ossuary)
  10 orc priests
  A hound (D:5)
  2 jellies
  6 scorpion zombies (Ossuary)
  2 iguanas
  22 orc wizards
  Natasha (twice) (D:4)
  3 mummies (Ossuary)
  9 adders
  22 gnolls
  A shadow imp (D:8)
  A white imp (D:8)
  2 ufetubi
  3 worms (D:2)
  3 dart slugs
  63 orcs
  8 bats
  7 endoplasms
  3 giant cockroaches
  2 gnoll zombies (Ossuary)
  9 goblins
  4 hobgoblins
  5 jackals
  3 quokkas
  5 ball pythons
  2 frilled lizards
  3 goblin zombies
  2 kobolds (D:2)
  A kobold zombie (Ossuary)
  An orc zombie (Ossuary)
  A quokka zombie (D:5)
  10 rats
  A spectral orc (D:11)
1003 creatures vanquished.

Vanquished Creatures (collateral kills)
  the Royal Jelly (Slime:5)
  2 dread liches (Zot:5)
  2 orbs of fire
  Mennas (Depths:4)
  6 ancient liches
  Josephina (Zot:1)
  Sojobo (Depths:4)
  A Killer Klown (Zot:5)
  Bai Suzhen (Shoals:3)
  Parghit (Depths:4)
  A curse toe (Zot:4)
  8 golden dragons
  Nikola (Depths:1)
  Jory (Vaults:5)
  2 profane servitors
  An electric golem (Zot:3)
  9 tentacled monstrosities
  2 liches (Vaults:5)
  7 titans
  22 Orb Guardians (Zot:5)
  A deep elf blademaster (Elf:3)
  A walking earthen tome (Depths:3)
  2 deep elf master archers (Elf:3)
  6 quicksilver dragons
  Polyphemus (Shoals:4)
  A tentacled starspawn (Abyss:3)
  An Executioner (Zot:4)
  2 krakens
  20 acid blobs
  4 shadow dragons
  2 draconian monks
  The ghost of Ompaem the Warrior, an adept HOMo of Beogh (Depths:1)
  7 sphinxes
  A death cob (Zot:2)
  5 tengu reavers
  Ilsuiw (Shoals:3)
  3 azure jellies
  9 storm dragons
  2 draconian knights (Zot:2)
  14 rockslimes
  4 deep elf sorcerers (Elf:3)
  7 fire giants
  2 iron dragons (Depths:3)
  4 frost giants
  2 emperor scorpions (Spider:4)
  Aizul (Depths:1)
  3 ghost moths
  11 vault wardens
  A balrug (Depths:3)
  A caustic shrike zombie (WizLab)
  6 draconian scorchers
  4 draconian stormcallers
  An orc warlord (Vaults:2)
  6 draconian shifters
  21 ironbound preservers
  3 draconian annihilators
  11 stone giants
  2 war gargoyles (Vaults:5)
  2 spriggan defenders
  2 elemental wellsprings (Shoals:1)
  3 ironbound thunderhulks
  4 quicksilver oozes
  3 reapers
  9 very ugly things
  9 deep elf demonologists
  A vampire knight (Depths:3)
  5 green draconians
  8 white draconians
  11 deep elf annihilators
  A bunyip (Abyss:3)
  5 red draconians
  7 purple draconians
  8 yellow draconians
  3 spark wasps
  6 black draconians
  A blizzard demon (Depths:3)
  8 ettins
  A mummy priest (WizLab)
  An entropy weaver (Vaults:1)
  A merfolk javelineer (Shoals:3)
  An eidolon (Abyss:2)
  9 fire dragons
  6 deep elf death magi
  12 yaktaur captains
  8 great orbs of eyes
  6 merfolk impalers
  A quicksilver dragon zombie (WizLab)
  4 deep elf high priests
  3 rakshasas
  9 ice dragons
  2 entropy weavers (shapeshifter)
  A hydra (Lair:5)
  An ogre mage (Vaults:5)
  13 vault guards
  A peacekeeper (Vaults:3)
  5 centaur warriors
  4 spriggan air magi
  6 ironbound frosthearts
  7 merfolk aquamancers
  A jorogumo (Spider:4)
  3 merfolk avatars
  2 boulder beetles
  11 dancing weapons
  2 death yaks
  5 deep troll shamans
  7 death scarabs (Spider:4)
  4 deep troll earth magi
  2 satyrs (Shoals:2)
  13 spriggan berserkers
  9 tengu warriors
  2 hell hogs (Depths:3)
  A spectral emperor scorpion (Spider:4)
  5 nameless horrors
  2 thrashing horrors (Abyss:2)
  A titan zombie (WizLab)
  6 hell knights
  3 sun demons (Depths:3)
  12 iron trolls
  3 deep elf knights
  3 skeletal warriors (Depths:3)
  A shadow wraith (Depths:3)
  2 soul eaters (Depths:3)
  2 sixfirhies (Abyss:2)
  2 wretched stars (Abyss:2)
  A spark wasp zombie (WizLab)
  10 sea snakes
  A steelbarb worm (Spider:3)
  60 deep trolls
  2 quicksilver dragon simulacra (Depths:3)
  A shadow demon (Abyss:2)
  3 glowing orange brains (Depths:3)
  A shadow dragon zombie (Depths:1)
  5 orb spiders
  A starcursed mass (Abyss:2)
  3 deep elf archers
  A tengu zombie (Depths:1)
  5 lindwurms
  2 orc knights
  7 harpies
  3 flayed ghosts (Depths:3)
  3 wizards
  9 deep elf zephyrmancers
  2 phantasmal warriors
  13 ironbound convokers
  6 deep elf pyromancers
  3 necromancers
  A lindwurm (shapeshifter) (Vaults:5)
  2 wolf spider zombies (Spider:4)
  5 wolf spiders
  20 ugly things
  8 fauns
  A broodmother zombie (Spider:4)
  8 cyclopes
  10 manticores
  17 moths of wrath
  10 vault sentinels
  9 shining eyes
  A frost giant zombie (WizLab)
  9 merfolk sirens
  A demonspawn zombie (WizLab)
  A worldbinder (Abyss:2)
  A black mamba (Lair:5)
  An ice statue (Depths:3)
  A gargoyle (D:12)
  2 water nymphs (Shoals:4)
  6 eyes of devastation
  A torpor snail (Spider:4)
  3 orange demons
  A cane toad (Lair:5)
  A spectral redback (Spider:4)
  2 redback zombies (Spider:4)
  2 freezing wraiths (Depths:3)
  18 yaktaurs
  2 tengu conjurers
  An ancient zyme (Abyss:2)
  A yaktaur (shapeshifter) (Elf:3)
  4 guardian mummies (WizLab)
  2 demonic crawlers
  A hellwing (Depths:2)
  3 red devils
  An ice devil (Abyss:2)
  A shadow dragon simulacrum (Zot:1)
  2 polar bears (Elf:1)
  2 tarantellas (shapeshifter)
  5 hornets
  20 merfolk
  6 tarantellas
  3 wind drakes
  2 tarantella zombies (Spider:4)
  A spectral jumping spider (Spider:4)
  4 spectral tarantellas (Spider:4)
  A blink frog (Lair:2)
  A jumping spider (shapeshifter) (Elf:2)
  A spriggan zombie (WizLab)
  3 raiju (Abyss:3)
  A deep troll zombie (WizLab)
  7 snapping turtles
  19 dream sheep
  51 slime creatures
  A spectral culicivora (Spider:4)
  A culicivora zombie (Spider:4)
  A draconian simulacrum (Zot:1)
  A snapping turtle (shapeshifter) (Vaults:5)
  6 jumping spiders
  10 culicivoras
  11 water elementals
  2 ynoxinuls
  A culicivora (shapeshifter) (Elf:3)
  4 spriggans
  An orc zombie (WizLab)
  A wraith (Abyss:2)
  An air elemental (Elf:1)
  2 yaks
  2 fire bats (Abyss:2)
  A fire elemental (Elf:3)
  12 golden eyes
  2 wyverns (Lair:5)
  3 small abominations
  6 large abominations
  A neqoxec (Abyss:2)
  23 redbacks
  2 hell hounds (Lair:5)
  2 floating eyes
  An ice beast (Abyss:2)
  3 ettin simulacra (Depths:3)
  2 ogres
  2 wolves
  A centaur (D:12)
  A kobold brigand (D:12)
  A raiju zombie (WizLab)
  A tengu skeleton (Depths:1)
  A wolf zombie (Crypt:1)
  An orc priest (Orc:2)
  An iron imp (Abyss:2)
  2 orc wizards (Orc:2)
  A white imp (Abyss:2)
  2 ufetubi (Abyss:2)
  7 orcs
  2 starspawn tentacles (Abyss:3)
  3 tentacles
1105 creatures vanquished.

Vanquished Creatures (others)
  A dread lich (Zot:5)
  A lich (Vaults:5)
  A quicksilver dragon (Zot:3)
  2 eldritch tentacles (Zot:5)
  A deep elf elementalist (Elf:3)
  A two-headed ogre (Volcano)
  A moth of wrath (Zot:3)
  A tengu conjurer (Depths:3)
  A golden dragon simulacrum (Zot:1)
  A slime creature (Slime:2)
  A dream sheep (Shoals:2)
  A water elemental (Shoals:2)
  An air elemental (Elf:1)
  A human (D:13)
  A moth of wrath simulacrum (Zot:1)
  An ettin simulacrum (Depths:3)
  2 centaurs (Volcano)
  A demonic plant (Abyss:2)
  9 fungi
  154 plants
  37 tentacles
  10 withered plants (D:15)
230 creatures vanquished.

Grand Total: 2338 creatures vanquished

Table legend:
 A = Non-vault XP
 B = Vault XP
 C = Vault XP percentage of total XP
 D = Non-vault monster count
 E = Vault monster count
 F = Vault count percentage of total count
                 A         B        C        D         E       F
            +---------+---------+-------+---------+---------+-------
      Total |  611687 |  641222 |  51.2 |    1284 |     796 |  38.3
            +---------+---------+-------+---------+---------+-------
        D:1 |      26 |       9 |  25.7 |      13 |       6 |  31.6
        D:2 |      59 |      34 |  36.6 |      17 |      11 |  39.3
        D:3 |     101 |       0 |   0.0 |      17 |       0 |   0.0
        D:4 |     158 |      47 |  22.9 |      12 |       2 |  14.3
        D:5 |     718 |       2 |   0.3 |      17 |       2 |  10.5
        D:6 |     373 |      83 |  18.2 |       9 |       1 |  10.0
        D:7 |    1138 |       0 |   0.0 |      18 |       0 |   0.0
        D:8 |     670 |      14 |   2.0 |      17 |       5 |  22.7
        D:9 |    2001 |     355 |  15.1 |      16 |       1 |   5.9
       D:10 |    1807 |     799 |  30.7 |      14 |       1 |   6.7
       D:11 |    1769 |     814 |  31.5 |      10 |       3 |  23.1
       D:12 |    8198 |   12138 |  59.7 |      33 |      28 |  45.9
       D:13 |    6705 |    4291 |  39.0 |      16 |      11 |  40.7
       D:14 |    8814 |    6879 |  43.8 |      19 |       8 |  29.6
       D:15 |   15011 |   11182 |  42.7 |      36 |      18 |  33.3
     Lair:1 |    3753 |       0 |   0.0 |      15 |       0 |   0.0
     Lair:2 |    5498 |       0 |   0.0 |      28 |       0 |   0.0
     Lair:3 |    3168 |     948 |  23.0 |      11 |       2 |  15.4
     Lair:4 |    1800 |    1709 |  48.7 |       8 |      16 |  66.7
     Lair:5 |    3917 |    9114 |  69.9 |      18 |      27 |  60.0
   Shoals:1 |   13199 |    3145 |  19.2 |      29 |       3 |   9.4
   Shoals:2 |   22729 |    4157 |  15.5 |      44 |       5 |  10.2
   Shoals:3 |   27677 |    7862 |  22.1 |      56 |       8 |  12.5
   Shoals:4 |   13503 |   20844 |  60.7 |      31 |      32 |  50.8
   Spider:1 |   17507 |    1393 |   7.4 |      45 |       1 |   2.2
   Spider:2 |   11252 |       0 |   0.0 |      27 |       0 |   0.0
   Spider:3 |   22777 |       0 |   0.0 |      51 |       0 |   0.0
   Spider:4 |   14515 |   29083 |  66.7 |      30 |      60 |  66.7
    Slime:1 |    4771 |       0 |   0.0 |      14 |       0 |   0.0
    Slime:2 |   16162 |       0 |   0.0 |      29 |       0 |   0.0
    Slime:3 |     576 |       0 |   0.0 |       1 |       0 |   0.0
    Slime:4 |    3893 |       0 |   0.0 |       8 |       0 |   0.0
    Slime:5 |   17252 |   24877 |  59.0 |      31 |      17 |  35.4
      Orc:1 |    1840 |       0 |   0.0 |      18 |       0 |   0.0
      Orc:2 |    5202 |    8261 |  61.4 |      63 |      41 |  39.4
      Elf:1 |   14048 |    7781 |  35.6 |      22 |      15 |  40.5
      Elf:2 |   14975 |    2493 |  14.3 |      26 |       3 |  10.3
      Elf:3 |   10089 |   39703 |  79.7 |      16 |      38 |  70.4
   Vaults:1 |   41480 |   22691 |  35.4 |      61 |      26 |  29.9
   Vaults:2 |   27816 |   13297 |  32.3 |      40 |      16 |  28.6
   Vaults:3 |   22271 |    7068 |  24.1 |      29 |      11 |  27.5
   Vaults:4 |   16764 |   18298 |  52.2 |      25 |      19 |  43.2
   Vaults:5 |    7097 |  104695 |  93.7 |      14 |      91 |  86.7
    Crypt:1 |      54 |       0 |   0.0 |       1 |       0 |   0.0
   Depths:1 |   26061 |   11286 |  30.2 |      32 |      11 |  25.6
   Depths:2 |    8516 |   33257 |  79.6 |      12 |      32 |  72.7
   Depths:3 |    7134 |   82400 |  92.0 |       9 |      99 |  91.7
   Depths:4 |   17054 |   30997 |  64.5 |      23 |      22 |  48.9
      Zot:1 |    4020 |    4064 |  50.3 |       5 |       3 |  37.5
      Zot:2 |   29212 |       0 |   0.0 |      25 |       0 |   0.0
      Zot:3 |   33585 |    9102 |  21.3 |      33 |       9 |  21.4
      Zot:4 |   18976 |       0 |   0.0 |      14 |       0 |   0.0
      Zot:5 |   28245 |   84014 |  74.8 |      26 |      34 |  56.7
    Abyss:2 |   18985 |    1835 |   8.8 |      40 |       3 |   7.0
    Abyss:3 |    6492 |       0 |   0.0 |       9 |       0 |   0.0
    Ossuary |       0 |     942 | 100.0 |       0 |      24 | 100.0
    Volcano |       0 |    2704 | 100.0 |       0 |       6 | 100.0
     WizLab |       0 |   13774 | 100.0 |       0 |      18 | 100.0
   Gauntlet |     274 |    2781 |  91.0 |       1 |       7 |  87.5
            +---------+---------+-------+---------+---------+-------

Illustrated notes

Table legend:
 A = Kills in this place as a percentage of kills in entire the game.
 B = Kills by you in this place as a percentage of kills by you in the entire game.
 C = Kills by friends in this place as a percentage of kills by friends in the entire game.
 D = Other kills in this place as a percentage of other kills in the entire game.
 E = Experience gained in this place as a percentage of experience gained in the entire game.
 F = Experience gained in this place divided by the number of levels of this place that you have seen.
                   A       B       C       D       E      F
               +-------+-------+-------+-------+-------+----------------------
         Total | 100.0 | 100.0 | 100.0 | 100.0 | 100.0 | 20957.6
       Dungeon |  17.4 |  34.8 |   1.4 |   0.0 |   6.8 | 5674.1
          Lair |   6.0 |  11.4 |   1.0 |   0.0 |   2.4 | 5981.4
        Shoals |  10.0 |   6.8 |  12.8 |  22.2 |   9.0 | 28279.0
   Spider Nest |  10.2 |  13.4 |   7.4 |   0.0 |   7.7 | 24131.8
    Slime Pits |   4.8 |   0.0 |   9.2 |  11.1 |   5.4 | 13506.2
  Orcish Mines |   5.8 |  11.1 |   1.0 |   0.0 |   1.2 | 7651.5
   Elven Halls |   5.7 |   5.1 |   6.2 |  22.2 |   7.1 | 29696.3
        Vaults |  15.9 |   6.9 |  24.3 |  11.1 |  22.4 | 56295.4
         Crypt |   0.0 |   0.0 |   0.1 |   0.0 |   0.0 |  54.0
        Depths |  11.5 |   4.1 |  18.5 |   0.0 |  17.2 | 54176.2
           Zot |   7.4 |   1.7 |  12.4 |  33.3 |  17.1 | 42969.0
         Abyss |   2.5 |   0.8 |   4.1 |   0.0 |   2.2 | 13656.0
       Ossuary |   1.1 |   2.4 |   0.0 |   0.0 |   0.1 | 942.0
       Volcano |   0.3 |   0.6 |   0.0 |   0.0 |   0.2 | 2704.0
        Wizlab |   0.9 |   0.2 |   1.5 |   0.0 |   1.1 | 13774.0
      Gauntlet |   0.4 |   0.8 |   0.0 |   0.0 |   0.2 | 3055.0
               +-------+-------+-------+-------+-------+----------------------

Table legend: (Time is in decaauts)
 A = Elapsed time spent in this place.
 B = Non-inter-level travel time spent in this place.
 C = Inter-level travel time spent in this place.
 D = Time resting spent in this place.
 E = Time spent auto-exploring this place.
 F = Levels seen in this place.
 G = Mean time per level.
                   A        B        C        D        E       F      G
               +--------+--------+--------+--------+--------+-----+--------+
         Total |  85325 |  78802 |   6523 |  24683 |  37842 |  60 | 1422.1 |
       Dungeon |  25241 |  22761 |   2480 |   6639 |  13143 |  15 | 1682.7 |
        Temple |    145 |    139 |      6 |      0 |    117 |   1 |  145.0 |
          Lair |   8191 |   7441 |    750 |   1897 |   4710 |   5 | 1638.2 |
        Shoals |   6892 |   6691 |    201 |   2761 |   2382 |   4 | 1723.0 |
   Spider Nest |   9677 |   8739 |    938 |   4005 |   3148 |   4 | 2419.2 |
    Slime Pits |    808 |    784 |     24 |    177 |      0 |   5 |  161.6 |
  Orcish Mines |   3721 |   3444 |    277 |   1843 |    864 |   2 | 1860.5 |
   Elven Halls |   5744 |   5600 |    144 |   2067 |   2322 |   3 | 1914.7 |
        Vaults |  10295 |   9288 |   1007 |   1706 |   5184 |   5 | 2059.0 |
         Crypt |     10 |     10 |      0 |      0 |      0 |   1 |   10.0 |
        Depths |   5012 |   4554 |    458 |    486 |   2338 |   4 | 1253.0 |
           Zot |   5159 |   4927 |    232 |    740 |   2803 |   5 | 1031.8 |
         Abyss |    598 |    598 |      0 |     86 |    177 |   2 |  299.0 |
       Ossuary |   1288 |   1288 |      0 |    619 |    415 |   1 | 1288.0 |
       Volcano |    674 |    674 |      0 |    459 |      0 |   1 |  674.0 |
        Wizlab |    570 |    570 |      0 |    209 |    120 |   1 |  570.0 |
      Gauntlet |   1294 |   1294 |      0 |    983 |    112 |   1 | 1294.0 |
               +--------+--------+--------+--------+--------+-----+--------+

Top non-repeatable levels by time:
Spider:3: 3150 daAuts
Vaults:1: 3018 daAuts
   Orc:2: 2965 daAuts
    D:12: 2901 daAuts
    D:15: 2722 daAuts
Spider:2: 2625 daAuts
    D:11: 2476 daAuts
Spider:4: 2317 daAuts
    D:13: 2220 daAuts
Vaults:3: 2178 daAuts
Shoals:3: 2161 daAuts
Vaults:2: 2157 daAuts
   Elf:3: 2071 daAuts
  Lair:5: 2037 daAuts
    D:14: 2016 daAuts
